 Dungeon Crawl Stone Soup version 0.31-a0-846-gb3bcc0d938 (webtiles) character file.

Game seed: 10647116076189291811

1603771 MackTheKnife the Lord of Darkness (level 26, 219/239 HPs)
             Began as a Black Draconian Summoner on Oct 2, 2023.
             Was the Champion of Kikubaaqudgha.
             Escaped with the Orb
             ... and 3 runes on Oct 3, 2023!
             The game lasted 03:40:19 (74077 turns).

MackTheKnife the Lord of Darkness (DrSu)           Turns: 74077, Time: 03:40:20

Health: 219/239    AC: 26    Str: 16    XL:     26   Next: 3%
Magic:  48/48      EV: 23    Int: 26    God:    Kikubaaqudgha [******]
Gold:   3891       SH: 21    Dex: 18    Spells: 3/49 levels left

rFire   + + .        a - +9 demon blade (pain) {long}
rCold   + + +        c - +2 shield of Resistance {rF++ rC++ Will++}
rNeg    + . .        (body armour unavailable)
rPois   +            W - +2 hat
rElec   +            r - +2 cloak {Stlth+}
rCorr   +            H - +2 pair of gloves
SInv    .            p - +1 pair of boots of the Ward {Rampage}
Will    ++++.        i - amulet of Nan Ziets {Reflect rPois SH+5}
Stlth   ++           X - ring "Watwyet" {rN+ rCorr AC+4 Int+5}
HPRegen 0.59/turn    O - ring "Vail" {rC+ Will+ MP+9 Str+5 Stlth-}
MPRegen 0.31/turn

%: reflection, rampage
@: flying, studying Throwing
A: breathe lightning, AC +12, unfitting armour, big wings, electricity
resistance, cold-blooded, hooves 1, poison resistance
0: Orb of Zot
}: 3/15 runes: decaying, serpentine, silver
a: Breathe Lightning, Renounce Religion, Unearth Wretches, Torment


You escaped.
You worshipped Kikubaaqudgha.
Kikubaaqudgha was exalted by your worship.
You visited 9 branches of the dungeon, and saw 47 of its levels.
You also visited: Sewer, Bailey, Ice Cave and Desolation.

You collected 7457 gold pieces.
You spent 3566 gold pieces at shops.


Innate Abilities, Weirdness & Mutations

You can breathe wild blasts of lightning.
Your glossy black scales are hard. (AC +12)
You cannot fit into any form of body armour.
Your large and strong wings let you fly.
You are resistant to electric shocks. (rElec)
You are cold-blooded and may be slowed by cold attacks.
You have large cloven feet.
Your system is resistant to poisons. (rPois)


   Skills:
 - Level 20.0 Fighting
 - Level 14.0 Long Blades
 - Level 18.0 Dodging
 - Level 8.0 Stealth
 - Level 15.0 Shields
 - Level 12.0 Spellcasting
 - Level 3.0 Hexes
 - Level 18.0 Summonings
 + Level 20.0 Necromancy
 - Level 15.0 Translocations
 - Level 4.0 Transmutations
 - Level 7.0 Air Magic
 - Level 6.0 Earth Magic
 - Level 12.0 Evocations


You had 3 spell levels left.
You knew the following spells:

 Your Spells              Type           Power      Damage    Failure   Level
a - Wereblood             Tmut           36%        N/A       1%          2
b - Dispersal             Tloc           38%        N/A       1%          6
d - Summon Lightning Spi  Summ/Air       69%        N/A       1%          4
e - Borgnjor's Vile Clut  Necr/Erth      35%        N/A       1%          5
f - Summon Forest         Summ/Tloc      39%        N/A       1%          5
g - Malign Gateway        Summ/Tloc      39%        N/A       6%          7
h - Haunt                 Necr/Summ      42%        N/A       2%          7
A - Animate Dead          Necr           88%        N/A       0%          4
B - Death Channel         Necr           44%        N/A       1%          6

Your spell library contained the following spells:

 Spells                   Type           Power      Damage    Failure   Level
 Necrotise                Necr           100%       1d9       0%          1
 Summon Small Mammal      Summ           100%       N/A       0%          1
 Call Imp                 Summ           100%       N/A       0%          2
 Sublimation of Blood     Necr           88%        N/A       0%          2
 Call Canine Familiar     Summ           83%        N/A       0%          3
 Vampiric Draining        Necr           88%        2d12      0%          3
 Kiss of Death            Conj/Necr      100%       2d13      1%          1
 Sandblast                Erth           92%        2d19      1%          1
 Cigotuvi's Dreadful Rot  Necr/Pois/Air  100%       N/A       1%          2
 Lesser Beckoning         Tloc           100%       N/A       1%          2
 Momentum Strike          Conj/Tloc      100%       3d10      1%          2
 Passwall                 Tmut/Erth      34%        N/A       1%          2
 Gell's Gravitas          Tloc           76%        N/A       1%          3
 Summon Guardian Golem    Hex/Summ       63%        N/A       1%          3
 Swiftness                Air            51%        N/A       1%          3
 Teleport Other           Tloc           76%        N/A       1%          3
 Sting                    Tmut/Pois      100%       1d8       2%          1
 Poisonous Vapours        Pois/Air       66%        N/A       2%          2
 Static Discharge         Conj/Air       66%        2-5/arc   2%          2
 Ensorcelled Hibernation  Hex/Ice        46%        N/A       4%          2
 Stone Arrow              Conj/Erth      62%        3d10      5%          3
 Tukima's Dance           Hex            31%        N/A       5%          3
 Freeze                   Ice            60%        1d7       6%          1
 Mephitic Cloud           Conj/Pois/Air  27%        N/A       8%          3
 Scorch                   Fire           30%        2d6       10%         2
 Inner Flame              Hex/Fire       23%        N/A       10%         3
 Ignite Poison            Fire/Tmut/Pois 22%        N/A       11%         3
 Frozen Ramparts          Ice            30%        1d5       19%         3
 Hailstorm                Conj/Ice       15%        3d5       19%         3
 Dispel Undead            Necr           88%        3d28      0%          4
 Dimensional Bullseye     Hex/Tloc       29%        N/A       1%          4
 Summon Ice Beast         Ice/Summ       58%        N/A       1%          4
 Agony                    Necr           88%        N/A       1%          5
 Summon Cactus Giant      Summ           41%        N/A       1%          6
 Iskenderun's Mystic Bla  Conj/Tloc      53%        2d11      2%          4
 Summon Mana Viper        Hex/Summ       63%        N/A       2%          5
 Airstrike                Air            25%        2d(4-20)  3%          4
 Summon Hydra             Summ           41%        N/A       3%          7
 Borgnjor's Revivificati  Necr           44%        N/A       11%         8
 Lee's Rapid Deconstruct  Erth           23%        3d13*     14%         5
 Simulacrum               Ice/Necr       30%        N/A       16%         6
 Brom's Barrelling Bould  Conj/Erth      31%        2d5       19%         4
 Summon Horrible Things   Summ           41%        N/A       26%         8
 Arcjolt                  Conj/Air       16%        1d26      38%         5
 Yara's Violent Unravell  Hex/Tmut       16%        3d8       38%         5
 Flame Wave               Conj/Fire      15%        2d7       52%         4
 Olgreb's Toxic Radiance  Pois           15%        N/A       52%         4
 Sticky Flame             Conj/Fire      15%        2d4       52%         4
 Freezing Cloud           Conj/Ice/Air   13%        6-21      56%         5
 Disjunction              Tloc           38%        N/A       65%         8
 Spellforged Servitor     Conj/Summ      29%        N/A       78%         7
 Iskenderun's Battlesphe  Conj           15%        2d7       86%         5
 Death's Door             Necr           44%        N/A       86%         9
 Conjure Ball Lightning   Conj/Air       16%        3x3d6     92%         6
 Bombard                  Conj/Erth      15%        9d3       95%         6
 Starburst                Conj/Fire      7%         6d4       100%        6
 Discord                  Hex            15%        N/A       100%        8
 Ignition                 Fire           7%         3d5       100%        8
 Animate Armour           Summ/Erth      Unusable   N/A       N/A         4

Inventory:

Hand Weapons
 a - a +9 demon blade of pain (weapon) {long}
   (You found it on level 4 of the Snake Pit)
 b - the +5 demon blade "Conservator" {freeze, rF+, long}
   (You found it on level 1 of the Depths)

   rF+:       It protects you from fire.
Armour
 c - the +2 shield of Resistance (worn) {rF++ rC++ Will++}
   (You took it off a deep elf high priest on level 3 of the Elven Halls)

   rF++:      It greatly protects you from fire.
   rC++:      It greatly protects you from cold.
   Will++:    It greatly increases your willpower.
 p - the +1 pair of boots of the Ward (worn) {Rampage}
   (You found it in the Desolation of Salt)

   Rampage:   It bestows one free step when moving towards enemies.
 q - the +1 pair of boots "Rusainaj" {rPois rC- Int+3}
   (You found it on level 2 of the Realm of Zot)

   Int+3:     It affects your intelligence (+3).
   rC-:       It makes you vulnerable to cold.
   rPois:     It protects you from poison
 r - a +2 cloak of stealth (worn)
   (You bought it in a shop on level 13 of the Dungeon)
 H - a +2 pair of gloves (worn)
   (You found it on level 8 of the Dungeon)
 W - a +2 hat (worn)
   (You took it off Gastronok on level 3 of the Lair of Beasts)
Jewellery
 i - the amulet of Nan Ziets (around neck) {Reflect rPois SH+5}
   (You acquired it on level 10 of the Dungeon)

   [amulet of reflection]

   Reflect:   It reflects blocked missile attacks.
   rPois:     It protects you from poison SH+5: It affects your SH (+5).
 v - a ring of see invisible
   (You found it on level 4 of the Dungeon)
 O - the ring "Vail" (right hand) {rC+ Will+ MP+9 Str+5 Stlth-}
   (You bought it in a shop on level 12 of the Dungeon)

   [ring of magical power]

   Str+5:     It affects your strength (+5).
   rC+:       It protects you from cold.
   Will+:     It increases your willpower.
   MP+9:      It affects your magic capacity (+9).
   Stlth-:    It makes you less stealthy.
 X - the ring "Watwyet" (left hand) {rN+ rCorr AC+4 Int+5}
   (You took it off a deep elf annihilator on level 3 of the Elven Halls)

   [ring of protection]

   AC+4:      It affects your AC (+4).
   Int+5:     It affects your intelligence (+5).
   rN+:       It protects you from negative energy.
   rCorr:     It protects you from acid and corrosion.
Wands
 l - a wand of mindburst (36)
   (You found it on level 8 of the Dungeon)
 w - a wand of charming (23)
   (You took it off Ijyb on level 4 of the Dungeon)
 G - a wand of flame (131)
   (You took it off Dowan on level 7 of the Dungeon)
 I - a wand of polymorph (32)
   (You found it on level 8 of the Dungeon)
 K - a wand of roots (41)
   (You found it on level 8 of the Dungeon)
 U - a wand of light (22)
   (You found it on level 1 of the Lair of Beasts)
Scrolls
 k - 6 scrolls of enchant armour
 m - 5 scrolls of fog
 n - 6 scrolls of fear
 x - 4 scrolls of summoning
 y - 5 scrolls of blinking {!r}
 A - 3 scrolls of immolation {!r!r}
 C - 2 scrolls of revelation
 D - 11 scrolls of teleportation {@r4}
 E - 7 scrolls of vulnerability {!r!r}
 F - 7 scrolls of poison
 J - 8 scrolls of torment {!r}
 R - 4 scrolls of amnesia
Potions
 d - 2 potions of resistance
 e - 6 potions of lignification {!q}
 f - 4 potions of heal wounds {@q2}
 g - 3 potions of might
 h - 6 potions of mutation {!q}
 s - 8 potions of enlightenment
 z - 9 potions of haste {@q3}
 B - 3 potions of cancellation
 M - 11 potions of curing {@q1}
 N - 3 potions of invisibility
 Q - 7 potions of berserk rage {!q}
 T - 8 potions of brilliance
 Y - 10 potions of magic
Miscellaneous
 j - a tin of tremorstones (2/2) {throwing}
   (You found it on level 4 of the Vaults)
 o - a box of beasts
   (You found it on level 4 of the Vaults)
 u - a phantom mirror
   (You found it on level 5 of the Vaults)
 L - a lightning rod (4/4)
   (You found it on level 9 of the Dungeon)
 S - a phial of floods
   (You found it on level 11 of the Dungeon)

Dungeon Overview and Level Annotations

Branches:
Dungeon (15/15)            Temple (0/1) D:7            Lair (5/5) D:9
  Swamp (4/4) Lair:2        Snake (4/4) Lair:2        Slime (0/5) Lair:4
    Orc (2/2) D:9             Elf (3/3) Orc:2        Vaults (5/5) D:14
  Crypt (0/3) Vaults:2     Depths (4/4) D:15            Zot (5/5) Depths:4
  Sewer (visited)          Bailey (visited)           IceCv (visited)
Desolation (visited)

Altars:
Elyvilon
Fedhas
Kikubaaqudgha
Nemelex Xobeh
Okawaru
Trog
Uskayaw
Wu Jian
Zin
The Shining One
Jiyva

Shops:
D:12 =   D:13 [   D:14 *   Orc:2 ?(*:   Elf:1 (   Elf:3 (:==   Snake:3 :
Vaults:2 =   Vaults:3 *   Vaults:4 (   Vaults:5 *   Depths:2 ?=(*   Depths:3 (

Portals:
Hell: Depths:1 Depths:2 Depths:3 Depths:4
Abyss: Depths:1 Depths:3
Pandemonium: Orc:2 Depths:2
Ziggurat: Depths:4
Trove: Vaults:2 (give 12 potions of heal wounds)

Annotations:
D:11 2 runed translucent doors
Lair:2 exclusion: downstairs
Lair:4 exclusion: oklob plant
Lair:5 exclusion: orange crystal statue
Snake:4 1 runed translucent door, orangepiccolo's ghost, adept MiBe
Elf:2 3 runed translucent doors
Zot:5 exclusion: 3 upstairs

.#########.......#
..........)......#####
#####..###...........###
....#.##############...#
###............#######.##
..###.##..####....####..#
#.......................#
##.....#.#####.#####.#..#
.#.....#.#...#.#@..#.#..#
.......###.###.###.###..#
##........>#.....#>.....#
#.....###.###.###.###.##
##.....#.#...#.#...#.#.#
..#....#.#####.#####.#.#
..#.#..#......>......#.#
.......###.#######.###.#
..#.#....#.#.....#.#...#


There were no monsters in sight!


Message History

You hit the Orb Guardian but do no damage.
The Orb Guardian writhes in agony!
You tail-slap the Orb Guardian, but do no damage.
The Orb Guardian completely misses you.
You hit the Orb Guardian.
The Orb Guardian writhes in agony!
You block the Orb Guardian's attack.
A blizzard demon and a lich come into view.
The lich shouts!
The Orb Guardian attacks as it pursues you!
You block the Orb Guardian's attack. x2
There is a stone staircase leading up here. 😕 HP[+1] Unknown command.
The Orb Guardian completely misses you.
You fly upwards.
There is a stone staircase leading down here.
Unknown command. 😕 HP[+1] Unknown command.
You hit the Orb Guardian but do no damage.
The Orb Guardian writhes in agony.
The Orb Guardian hits you!! 😕 HP[-28]
You take 28 damage, and now have 191/239 hp.
You slash the Orb Guardian!
The Orb Guardian writhes in agony!
Your tail-slap misses the Orb Guardian.
You block the Orb Guardian's attack.
You hit the Orb Guardian.
The Orb Guardian writhes in agony!
Your tail-slap misses the Orb Guardian.
The Orb Guardian misses you. 😕 HP[+1]
You slice the Orb Guardian!!
You kill the Orb Guardian!
Kikubaaqudgha accepts your kill. 😕 HP[+1]
There is a stone staircase leading down, spattered with blood here.
An Ice Fiend comes into view. 😕 HP[+7]
You regained 7 hp, and now have 200/239 hp.
Unknown command.
Casting: Haunt (mildly dangerous; 2% risk of failure)
Confirm with . or Enter, or press ? or * to list all spells.
Aiming: Haunt (mildly dangerous; 2% risk of failure)
Press: ? - help, Dir - move target, f - Ice Fiend
Aim: an Ice Fiend Insubstantial figures form in the air. 😕 HP[+1] MP[-7]
You lost 7 mp, and now have 41/48 mp.
The Ice Fiend gestures at you. The bolt of cold hits you. You resist.
Your freezing wraith hits the Ice Fiend.
Your freezing wraith freezes the Ice Fiend.
The Ice Fiend completely resists.
Your freezing wraith hits the Ice Fiend but does no damage. 😕 HP[-4]
You take 4 damage, and now have 197/239 hp.
Casting: Haunt (mildly dangerous; 2% risk of failure)
Confirm with . or Enter, or press ? or * to list all spells.
Aiming: Haunt (mildly dangerous; 2% risk of failure)
Press: ? - help, Dir - move target, f/p - Ice Fiend
Aim: an Ice Fiend (lightly wounded, ally target) Insubstantial figures form in the air.
The Ice Fiend gestures at you. The bolt of cold hits your wraith.
Your wraith resists.
The bolt of cold hits you. You resist.
Your freezing wraith hits the Ice Fiend but does no damage.
Your freezing wraith barely misses the Ice Fiend.
Your wraith hits the Ice Fiend!
Your wraith drains the Ice Fiend's vigour!
The Ice Fiend seems to slow down. 😕 HP[-4] MP[-6]
You take 4 damage, and now have 193/239 hp.
You lost 6 mp, and now have 35/48 mp.
Your freezing wraith hits the Ice Fiend.
Your freezing wraith freezes the Ice Fiend.
The Ice Fiend completely resists.
Your freezing wraith hits the Ice Fiend!
Your wraith hits the Ice Fiend!
Your wraith drains the Ice Fiend's vigour!
The Ice Fiend seems to slow down. 😕 HP[+1]
The Ice Fiend claws your phantasmal warrior but does no damage.
The Ice Fiend barely misses your phantasmal warrior.
Your freezing wraith hits the Ice Fiend.
Your freezing wraith freezes the Ice Fiend.
The Ice Fiend completely resists.
Your freezing wraith barely misses the Ice Fiend.
Something claws your freezing wraith! Something freezes your freezing wraith.
Your freezing wraith completely resists.
Something claws your freezing wraith! Something freezes your freezing wraith.
Your freezing wraith completely resists. 😕 HP[+1] MP[+1] 😕 HP[+1] 😕 HP[+1] 😕 MP[+1] 😕 HP[+1] 😕 HP[+1] MP[+1]
There is a staircase leading out of the dungeon here. 😕 HP[+19] MP[+10]
You regained 19 hp, and now have 218/239 hp.
Your mp is fully restored (48).
You have escaped!

Skill      XL: |  1  2  3  4  5  6  7  8  9 10 11 12 13 14 15 16 17 18 19 20 21 22 23 24 25 26 |
---------------+-------------------------------------------------------------------------------+-----
Summonings     | 5 6 8 9 10 11 14 17 18 | 18.0
Dodging        | 3 4 9 10 11 12 13 14 17 18 | 18.0
Stealth        | 2 4 8 |  8.0
Fighting       | 3 4 6 10 11 12 13 14 16 17 18 20 | 20.0
Evocations     | 4 6 11 12 | 12.0
Hexes          | 2 3 |  3.0
Spellcasting   | 5 6 7 8 9 10 11 12 | 12.0
Air Magic      | 7 |  7.0
Long Blades    | 5 8 9 14 | 14.0
Necromancy     | 1 8 9 12 14 18 20 | 20.0
Shields        | 5 8 15 | 15.0
Earth Magic    | 5 6 |  6.0
Translocations | 5 6 10 13 14 15 | 15.0
Transmutations | 4 |  4.0

Action                     |  1- 3 |  4- 6 |  7- 9 | 10-12 | 13-15 | 16-18 | 19-21 | 22-24 | 25-27 || total
---------------------------+-------+-------+-------+-------+-------+-------+-------+-------+-------++-------
  Melee: Dagger            |    82 |    73 |   147 |    36 |       |       |       |       |       ||   338
         Tailslap          |    13 |     3 |    28 |    45 |   142 |   159 |   225 |   351 |    97 ||  1063
         Punch             |     1 |       |     3 |     4 |       |       |       |       |       ||     8
         Falchion          |       |       |       |   183 |   676 |   431 |     2 |       |       ||  1292
         Demon blade       |       |       |       |       |       |   255 |   816 |  1364 |   412 ||  2847
         Rapier            |       |       |       |       |       |     2 |     7 |       |       ||     9
  Throw: Dart              |       |       |     1 |       |     3 |     1 |       |       |       ||     5
   Cast: Summon Small Mamm |    59 |    28 |    20 |     2 |     2 |       |       |       |       ||   111
         Call Canine Famil |       |    18 |    37 |    26 |    58 |    22 |     4 |       |       ||   165
         Summon Guardian G |       |       |    14 |    12 |    61 |    28 |     6 |       |       ||   121
         Summon Lightning  |       |       |    22 |    74 |   168 |    57 |    11 |       |       ||   332
         Animate Dead      |       |       |       |     6 |    21 |    24 |    18 |    16 |     8 ||    93
         Borgnjor's Vile C |       |       |       |       |   103 |   112 |    96 |    58 |    18 ||   387
         Death Channel     |       |       |       |       |       |    37 |    26 |    26 |     7 ||    96
         Summon Forest     |       |       |       |       |       |    36 |    30 |    15 |     7 ||    88
         Malign Gateway    |       |       |       |       |       |       |    55 |    42 |    17 ||   114
         Wereblood         |       |       |       |       |       |       |     1 |    10 |     3 ||    14
         Haunt             |       |       |       |       |       |       |       |    27 |    29 ||    56
         Dispersal         |       |       |       |       |       |       |       |     1 |     1 ||     2
 Invoke: Unearth Wretches  |       |       |       |     3 |     9 |    20 |    10 |    13 |     9 ||    64
         Brand Weapon With |       |       |       |       |       |     1 |       |       |       ||     1
Ability: Breathe Lightning |       |       |     5 |     1 |     5 |     2 |       |       |       ||    13
  Evoke: Wand              |       |       |     1 |     3 |    14 |    13 |     7 |     2 |     5 ||    45
         Lightning rod     |       |       |       |     2 |    15 |       |     7 |     4 |       ||    28
         Phial of floods   |       |       |       |       |       |     1 |     4 |       |       ||     5
         Box of beasts     |       |       |       |       |       |       |       |     1 |       ||     1
    Use: Scroll            |       |       |     8 |     6 |    13 |    14 |     6 |    10 |     3 ||    60
         Potion            |       |       |       |     2 |     1 |     1 |    12 |     7 |    20 ||    43
   Stab: Distracted        |     1 |     2 |       |    11 |    24 |    23 |    20 |    46 |    14 ||   141
         Sleeping          |       |       |     5 |       |     5 |     8 |     4 |    15 |     2 ||    39
         Invisible         |       |       |       |       |       |     1 |     1 |       |       ||     2
         Paralysed         |       |       |       |       |       |       |       |     4 |     1 ||     5
         Confused          |       |       |       |       |       |       |       |       |     2 ||     2
 Armour: Skin              |    37 |    32 |   127 |   189 |   398 |   410 |   386 |   662 |   237 ||  2478
  Dodge: Dodged            |    54 |    43 |   102 |   222 |   572 |   498 |   373 |   503 |   182 ||  2549
  Block: Other             |       |       |       |    21 |       |       |       |       |       ||    21
         Buckler           |       |       |       |    46 |   463 |   517 |   204 |       |       ||  1230
         Reflection        |       |       |       |       |    17 |    46 |    35 |    43 |     3 ||   144
         Kite shield       |       |       |       |       |       |       |   263 |   985 |   315 ||  1563

Levels and vault maps discovered:
D:1:      evilmike_arrival_hilbert_curve, layout_rooms
D:2:      layout_basic, dreamdust_mushroom_princess, fountainhead
D:3:      layout_rooms, nemelex_diamond_rough_becter, minivault_27,
          corner_web_ring, minmay_lizard_king
D:4:      layout_basic, nicolae_overflow_two_pavilions, uniq_ijyb,
          uniq_blork_the_orc
D:5:      layout_loops_ring
D:6:      layout_basic, mainiacjoe_overflow_six_doors_small,
          gup_sewer_entry_bubbles, uniq_sigmund, uniq_eustachio
D:7:      layout_cave_pools, minmay_temple_entry_gardened_gates,
          nicolae_lava_and_water, nicolae_underground_beach, uniq_duvessa
D:8:      layout_basic, okawaru_altar_gauntlet_db
D:9:      layout_stronghold, pdpol_wu_jian_five_deadly_venoms,
          eat_drink_and_be_merry_uskayaw, david_lair_shrubbed, orc_0_dummy,
          enter_bailey_3
D:10:     layout_roguey, uniq_grum
D:11:     layout_rooms, minmay_hollow_rounded_squares
D:12:     layout_loops_ring, serial_shops, nicolae_shop_hallway_plus,
          the_hattery
D:13:     layout_irregular_city, serial_shops, shop
D:14:     kennysheep_big_flooded_room, layout_loops_corners, erik_vaults_2,
          serial_shops, shop, serial_bayou, serial_bayou_lake_a,
          serial_bayou_shore_a, serial_bayou_pond_b, serial_bayou_lagoon_a,
          minivault_12, uniq_nessos
D:15:     gammafunk_depths_entry_grave, layout_long_grid, special_room
          [special_room_orc], portal_ice_cave_entry_pillars_four,
          chequers_serial_rivers_micro_c
Lair:1:   layout_cave_shapes, chequers_serial_rivers_micro_d
Lair:2:   layout_gridlike, swamp_mist, minmay_snake_entry_six_corridors,
          nicolae_quartered_pool_super
Lair:3:   layout_cave_pods, uniq_gastronok
Lair:4:   layout_loops_ring, slime_entry_1
Lair:5:   hangedman_lair_caniforms_friends, layout_concentric_octagons,
          disabler_island
Swamp:1:  layout_basic_swamp, nicolae_swamp_treefoil, swamp_pool1,
          st_swamp_ruins_4, uniq_donald
Swamp:2:  layout_basic_swamp, infiniplex_staircase_pool
Swamp:3:  nicolae_swamp_decorative_isthmus, layout_falls_marsh,
          evilmike_swamp_ruin_house_5, swamp_pool1, st_swamp_ruins_1
Swamp:4:  swamp, layout_basic_swamp, swamp_pool3,
          nicolae_swamp_frolicking_bunyips
Snake:1:  layout_chambers, serial_bayou_shore_b, grunt_megastairs_4
Snake:2:  layout_grid_maze, grunt_ministairs_8
Snake:3:  layout_onion, basic_altar, nicolae_shop_i_like_small_books_too,
          nicolae_snake_salamander_stairs, uniq_vashnia
Snake:4:  grunt_snake_rune_serpentine_throne, layout_basic,
          gammafunk_ghost_grave, grunt_megastairs_3, uniq_asterion, uniq_aizul,
          uniq_mara
Orc:1:    layout_caves, uniq_maurice
Orc:2:    pf_orc_diabolical, layout_caves
Elf:1:    elf_arrival_002, layout_loops_cross, serial_shops, shop_fountains,
          minmay_elf_annihilation, grunt_ministairs_3,
          dreamdust_princess_corridor, kennysheep_underground_church,
          uniq_jorgrun, uniq_louise, uniq_roxanne
Elf:2:    nicolae_elf_blades_crystal_corner, layout_geoelf_grid,
          portal_desolation_entry_holy_temple, guppyfry_elf_castle
Elf:3:    minmay_elf_hall_furrowed, layout_geoelf_octagon, serial_shops, shop,
          minmay_shop_grove
Vaults:1: nicolae_vaults_layer_cake_slice, nicolae_vaults_house_2,
          nicolae_vaults_yaktaur_gun_rack, nicolae_vaults_shrinking_rooms_1,
          v_alt_pattern_4, nicolae_vaults_tetromino_Z_2,
          nicolae_vaults_what_the_h, nicolae_vaults_shipping_containers_7,
          vaults_mumra_hex, nicolae_vaults_wine_cellar, ontoclasm_vaults_eye,
          nicolae_vaults_trapezoid_lopsided_1, nicolae_vaults_house_3,
          nicolae_vaults_storage_room_glass, nicolae_vaults_apartment_1,
          layout_vaults_big_cross, uniq_nikola
Vaults:2: vaults_standard_mumra_lines, nicolae_vaults_more_shelving_2,
          v_alt_pattern_6, hangedman_vaults_stagger, serial_ice_h,
          vaults_room_stairs_pillars, ontoclasm_vaults_misaligned, v_misc_5,
          hangedman_vaults_corner_blocks, nicolae_vaults_heart-shaped_vault,
          layout_vaults_quadrants, nicolae_trove_entry_crossroad, serial_shops,
          nicolae_shop_tiny_glass, uniq_margery
Vaults:3: grunt_vaults_bifocal, nicolae_vaults_storing_the_good_stuff,
          ontoclasm_vaults_spin, v_alt_pattern_2, nicolae_vaults_alarming,
          nicolae_vaults_network_star, ontoclasm_vaults_bender,
          nicolae_vaults_network_square, vaults_room_semicircle,
          nicolae_vaults_tetromino_Z_1, vaults_room_pool,
          dpeg_vaults_monster_row, layout_vaults_ring, serial_shops,
          nicolae_diamond_shop
Vaults:4: nicolae_vaults_variable_pillar_hall_cross,
          nicolae_vaults_sealed_display, nicolae_vaults_surprise_closet,
          hangedman_vaults_cutoff, v_pattern_1, grunt_vaults_funnel, st_cross,
          nicolae_vaults_little_squares_3, vaults_dpeg_ring,
          nicolae_vaults_trapezoid_2, nicolae_vaults_little_squares_5,
          nicolae_vaults_mini_display_case, vaults_dpeg_diagonal,
          layout_vaults_omnibox, serial_shops, shop, uniq_boris, uniq_norris
Vaults:5: serial_shops
Depths:1: layout_forbidden_donut, abyss_entry, serial_sigils_hangedman_writhe,
          hellmouth_2, evilmike_spriggan_trog_shrine
Depths:2: kennysheep_six_static_rooms, layout_honeycomb, rand_demon_pan_entry_1,
          kennysheep_crisscross, hell_entry, minmay_shoptagon,
          infiniplex_staircase_pool_1
Depths:3: minmay_the_grid_square_5x5_3x3 [minmay_the_grid_square_5x5_three,
          minmay_the_grid_square_5x5_two, minmay_the_grid_square_5x5_moneybag,
          minmay_the_grid_square_5x5_longway,
          minmay_the_grid_square_5x5_megaprize_open,
          minmay_the_grid_square_5x5_inverted_slash,
          minmay_the_grid_square_5x5_beaten_path,
          minmay_the_grid_square_5x5_dogpile,
          minmay_the_grid_square_5x5_shrine2], layout_cave_pools,
          serial_sigils_hangedman_shear, serial_shops,
          nicolae_shop_bloodbath_and_beyond, hellmouth_1, abyss_entry,
          minmay_misc_feat_plants, minmay_staircase_windowed_large,
          serial_bayou_shore_b, serial_bayou_shore_b
Depths:4: grunt_zot_entry_bicorn, layout_cave_pools, enter_ziggurat_f,
          hell_entry, dk_noncrumbling_2, uniq_jory
Zot:1:    layout_concentric_octagons, st_stairs_8, grunt_ministairs_13
Zot:2:    layout_misc_corridors, uniq_parghit
Zot:3:    layout_gridlike
Zot:4:    layout_misc_corridors
Zot:5:    layout_gridlike

Notes
Turn   | Place    | Note
-------+----------+-------------------------------------------
     0 | D:1      | MackTheKnife the Draconian Summoner began the quest for the
                  | Orb.
     0 | D:1      | Reached XP level 1. HP: 14/14 MP: 3/3
     0 | D:1      | magus.rc [v1.9.6]
   417 | D:1      | Reached XP level 2. HP: 13/20 MP: 3/5
  1152 | D:2      | You pick up a book of the Tundra and begin reading...
  1152 | D:2      | You add the spells Hailstorm, Summon Ice Beast and
                  | Simulacrum to your library.
  1220 | D:2      | Reached XP level 3. HP: 26/26 MP: 4/7
  1277 | D:1      | Learned a level 3 spell: Call Canine Familiar
  1904 | D:2      | You pick up a book of Blood and begin reading...
  1904 | D:2      | You add the spells Sublimation of Blood, Wereblood and
                  | Summon Hydra to your library.
  2008 | D:3      | Reached skill level 5 in Summonings
  2182 | D:3      | Reached XP level 4. HP: 31/33 MP: 5/8
  2417 | D:3      | Found a sparkling altar of Nemelex Xobeh.
  2777 | D:4      | Noticed Blork the orc
  2797 | D:4      | Killed Blork the orc
  2798 | D:4      | Reached skill level 6 in Summonings
  2798 | D:4      | Reached XP level 5. HP: 37/38 MP: 2/9
  2873 | D:4      | Noticed a phantom
  2895 | D:4      | Killed a phantom
  2896 | D:4      | Reached skill level 2 in Dodging
  2896 | D:4      | Reached skill level 2 in Stealth
  2972 | D:4      | Identified the +5 quarterstaff of a treasure trove {elec,
                  | Contam +Blink rElec rF-}
  3011 | D:4      | Noticed Ijyb
  3025 | D:4      | Killed Ijyb
  3026 | D:4      | Reached skill level 3 in Dodging
  3026 | D:4      | Reached XP level 6. HP: 45/45 MP: 5/10
  3308 | D:4      | Found an ancient bone altar of Kikubaaqudgha.
  3309 | D:4      | Found a glowing silver altar of Zin.
  3376 | D:4      | Became a worshipper of Kikubaaqudgha
  3551 | D:4      | Reached skill level 4 in Dodging
  3783 | D:5      | Entered Level 5 of the Dungeon
  3862 | D:5      | Reached skill level 1 in Fighting
  3891 | D:5      | Reached skill level 2 in Fighting
  4110 | D:5      | Reached skill level 3 in Fighting
  4110 | D:5      | Your scales start taking on a glossy black colour.
  4110 | D:5      | Reached XP level 7. HP: 57/57 MP: 7/11
  4110 | D:5      | Gained mutation: You are resistant to electric shocks.
                  | (rElec) [Black Draconian growth]
  4200 | D:5      | Reached skill level 4 in Fighting
  4325 | D:5      | Reached skill level 1 in Evocations
  4432 | D:5      | Reached skill level 2 in Evocations
  4498 | D:5      | You pick up a book of Necromancy and begin reading...
  4498 | D:5      | You add the spells Necrotise, Vampiric Draining and Agony
                  | to your library.
  4933 | D:6      | Noticed a wyvern
  4969 | D:6      | Learned a level 3 spell: Summon Guardian Golem
  4981 | D:6      | Reached * piety under Kikubaaqudgha
  4981 | D:6      | You add the spells Kiss of Death and Animate Dead to your
                  | library.
  4981 | D:6      | Received a gift from Kikubaaqudgha
  5031 | D:6      | Killed a wyvern
  5032 | D:6      | Reached skill level 1 in Hexes
  5032 | D:6      | Reached skill level 3 in Evocations
  5036 | D:6      | Reached skill level 2 in Hexes
  5144 | D:6      | You pick up a book of the Wilderness and begin reading...
  5144 | D:6      | You add the spells Summon Forest, Summon Mana Viper and
                  | Summon Cactus Giant to your library.
  5189 | D:6      | Reached skill level 4 in Evocations
  5189 | D:6      | Reached XP level 8. HP: 63/66 MP: 4/12
  5204 | D:6      | Reached skill level 3 in Hexes
  5257 | D:6      | Noticed Sigmund
  5273 | D:6      | Reached skill level 3 in Spellcasting
  5290 | D:6      | Killed Sigmund
  5291 | D:6      | Reached skill level 7 in Summonings
  5335 | D:6      | Reached skill level 4 in Spellcasting
  5422 | D:6      | Found a glowing drain.
  5435 | Sewer    | Entered a sewer
  5552 | Sewer    | Noticed Pargi
  5733 | Sewer    | Killed Pargi
  5865 | D:6      | Reached skill level 8 in Summonings
  6006 | D:6      | Reached skill level 5 in Spellcasting
  6097 | D:6      | Found a glowing golden altar of the Shining One.
  6137 | D:6      | Reached XP level 9. HP: 71/71 MP: 13/16
  6455 | D:6      | magus.rc [v1.9.6]
  6494 | D:7      | Learned a level 4 spell: Summon Lightning Spire
  6542 | D:7      | Reached skill level 2 in Air Magic
  6644 | D:7      | Found a staircase to the Ecumenical Temple.
  6724 | D:7      | Noticed Duvessa
  6748 | D:7      | Reached ** piety under Kikubaaqudgha
  6749 | D:7      | Reached skill level 3 in Air Magic
  6881 | D:7      | Reached skill level 4 in Air Magic
  7044 | D:7      | Noticed Dowan
  7060 | D:7      | Killed Duvessa
  7065 | D:7      | Killed Dowan
  7066 | D:7      | Reached skill level 5 in Air Magic
  7506 | D:8      | Reached skill level 6 in Air Magic
  7619 | D:8      | Reached skill level 7 in Air Magic
  7887 | D:8      | Reached skill level 6 in Spellcasting
  7972 | D:8      | HP: 17/71 [steam dragon/ball of steam (24)]
  8101 | D:8      | Found an iron altar of Okawaru.
  8253 | D:8      | Reached skill level 5 in Fighting
  8325 | D:9      | Found a staircase to the Orcish Mines.
  8345 | D:9      | Found an ornate altar of the Wu Jian Council.
  8369 | D:9      | Found a staircase to the Lair.
  8370 | D:9      | Noticed a komodo dragon
  8370 | D:9      | Noticed a troll
  8382 | D:9      | Killed a troll
  8383 | D:9      | Reached skill level 6 in Fighting
  8395 | D:9      | Killed a komodo dragon
  8396 | D:9      | Reached XP level 10. HP: 84/84 MP: 1/19
  8533 | D:9      | Reached skill level 7 in Fighting
  8655 | D:9      | Found a flagged portal.
  8666 | Bailey   | Entered a bailey
  8708 | Bailey   | Reached *** piety under Kikubaaqudgha
  8708 | Bailey   | You add the spells Borgnjor's Vile Clutch and Death Channel
                  | to your library.
  8708 | Bailey   | Received a gift from Kikubaaqudgha
  8938 | Bailey   | Reached skill level 8 in Fighting
  9081 | Bailey   | Reached skill level 9 in Fighting
  9472 | Bailey   | Reached skill level 10 in Fighting
  9577 | Bailey   | Reached skill level 9 in Dodging
  9577 | Bailey   | Reached XP level 11. HP: 99/99 MP: 20/20
  9578 | Bailey   | Identified the +2 great sword of Vumaoq {chaos, rPois}
  9580 | Bailey   | Identified the +1 falchion of Vetimiat {drain, rF+ rC+
                  | Int+2 Stlth+}
  9941 | D:9      | Identified the +1 hand axe of Forgiveness {holy, rF++ rC+}
  9972 | D:9      | Found a hide-covered altar of Uskayaw.
 10139 | D:9      | Reached skill level 10 in Dodging
 10140 | D:9      | Reached skill level 1 in Long Blades
 10145 | D:9      | Reached skill level 2 in Long Blades
 10277 | D:9      | Reached skill level 3 in Long Blades
 10840 | D:10     | Entered Level 10 of the Dungeon
 10953 | D:10     | Reached skill level 4 in Long Blades
 11095 | D:10     | You pick up a book of Scorching and begin reading...
 11095 | D:10     | You add the spells Scorch and Flame Wave to your library.
 11125 | D:10     | Noticed Grum
 11148 | D:10     | Killed Grum
 11193 | D:10     | Reached **** piety under Kikubaaqudgha
 11410 | D:10     | Reached skill level 5 in Long Blades
 11693 | D:10     | Learned a level 4 spell: Animate Dead
 11733 | D:10     | Identified a scroll of acquirement
 11733 | D:10     | Acquired the amulet of Nan Ziets {Reflect rPois SH+5}
 11913 | Lair:1   | Entered Level 1 of the Lair of Beasts
 12124 | Lair:1   | magus.rc [v1.9.6]
 12171 | Lair:1   | Reached skill level 1 in Necromancy
 12171 | Lair:1   | Reached XP level 12. HP: 106/106 MP: 20/21
 12171 | Lair:1   | Noticed a boulder beetle
 12178 | Lair:1   | Reached skill level 2 in Necromancy
 12187 | Lair:1   | Killed a boulder beetle
 12188 | Lair:1   | Reached skill level 3 in Necromancy
 12392 | Lair:1   | You fall into a shaft and drop 1 floor!
 12444 | Lair:2   | Found a staircase to the Swamp.
 12462 | Lair:2   | Reached skill level 4 in Necromancy
 12577 | Lair:2   | Reached skill level 5 in Necromancy
 12651 | Lair:2   | Reached skill level 6 in Necromancy
 12718 | Lair:2   | Reached skill level 1 in Shields
 12824 | Lair:1   | Reached skill level 2 in Shields
 12854 | Lair:1   | Reached skill level 3 in Shields
 12866 | Lair:1   | Reached skill level 4 in Shields
 13499 | Lair:2   | Reached skill level 5 in Shields
 13517 | Lair:2   | Found a staircase to the Snake Pit.
 13525 | Lair:2   | Reached skill level 3 in Stealth
 13673 | Lair:2   | Reached skill level 4 in Stealth
 13755 | Lair:2   | Reached skill level 7 in Necromancy
 14183 | Lair:3   | Noticed a six-headed hydra
 14288 | Lair:3   | Reached skill level 8 in Necromancy
 14292 | Lair:3   | Reached ***** piety under Kikubaaqudgha
 14670 | Lair:3   | Noticed Gastronok
 14686 | Lair:3   | Killed Gastronok
 14687 | Lair:3   | Reached skill level 7 in Spellcasting
 14687 | Lair:3   | Reached XP level 13. HP: 113/113 MP: 23/23
 15358 | Lair:3   | Reached skill level 8 in Spellcasting
 15640 | Lair:3   | Learned a level 5 spell: Borgnjor's Vile Clutch
 15742 | Lair:4   | Reached skill level 1 in Earth Magic
 16010 | Lair:4   | Reached skill level 2 in Earth Magic
 16010 | Lair:4   | Reached skill level 5 in Evocations
 16035 | Lair:4   | Reached skill level 3 in Earth Magic
 16292 | Lair:4   | Found a viscous altar of Jiyva.
 16310 | Lair:4   | Reached skill level 6 in Evocations
 16318 | Lair:4   | Found a staircase to the Slime Pits.
 16942 | Lair:5   | Entered Level 5 of the Lair of Beasts
 16982 | Lair:4   | magus.rc [v1.9.6]
 16998 | Lair:5   | Reached skill level 4 in Earth Magic
 17033 | Lair:5   | Reached skill level 5 in Earth Magic
 17038 | Lair:5   | Reached skill level 6 in Long Blades
 17224 | Lair:5   | Reached skill level 7 in Long Blades
 17251 | Lair:5   | Reached skill level 8 in Long Blades
 17794 | Lair:5   | Reached skill level 9 in Necromancy
 17794 | Lair:5   | Gained mutation: Your large and strong wings let you fly.
                  | [Black Draconian growth]
 17794 | Lair:5   | Reached XP level 14. HP: 105/121 MP: 9/26
 18285 | Lair:5   | Identified the ring "Cykhlut" {Ice rPois}
 18415 | Lair:5   | Reached skill level 10 in Necromancy
 18896 | Orc:1    | Entered Level 1 of the Orcish Mines
 18897 | Orc:1    | magus.rc [v1.9.6]
 18902 | Orc:1    | Paralysed by an orc sorcerer for 4 turns
 18924 | Orc:1    | Noticed Maurice
 18929 | Orc:1    | Noticed an orc warlord
 19212 | D:9      | Killed an orc warlord
 19317 | D:9      | Something stole a ring of wizardry
 19340 | D:9      | Killed Maurice
 19989 | Orc:2    | Entered Level 2 of the Orcish Mines
 19991 | Orc:2    | Found a staircase to the Elven Halls.
 20115 | Orc:2    | Reached skill level 11 in Necromancy
 20818 | Orc:2    | Reached ****** piety under Kikubaaqudgha
 21186 | Orc:2    | Found Benage Ypiuf's General Store.
 21189 | Orc:2    | Found Vihoaps's Magic Scroll Shop.
 21231 | Orc:2    | Bought a scroll of enchant armour for 90 gold pieces
 21233 | Orc:2    | Bought a scroll of identify for 30 gold pieces
 21233 | Orc:2    | Bought a scroll of identify for 30 gold pieces
 21512 | Orc:2    | Reached skill level 6 in Earth Magic
 21545 | Orc:2    | Reached skill level 12 in Necromancy
 22176 | Orc:2    | Found Rif Nuuci's Book Emporium.
 22176 | Orc:2    | Found Uminyxto's Antique Weapon Shoppe.
 22293 | Orc:2    | Found a one-way gate leading to the halls of Pandemonium.
 22459 | Orc:2    | Bought a scroll of amnesia for 60 gold pieces
 22459 | Orc:2    | Bought a scroll of teleportation for 45 gold pieces
 22459 | Orc:2    | Bought a scroll of teleportation for 45 gold pieces
 22461 | Orc:2    | Bought a potion of magic for 96 gold pieces
 22461 | Orc:2    | Bought a scroll of revelation for 90 gold pieces
 22461 | Orc:2    | Bought a potion of curing for 36 gold pieces
 22507 | D:9      | magus.rc [v1.9.6]
 22915 | D:11     | You add the spells Ignite Poison, Sticky Flame and Ignition
                  | to your library.
 22965 | D:11     | Reached skill level 11 in Fighting
 23155 | D:11     | Found a large runed translucent door.
 23155 | D:11     | Found a large runed translucent door.
 23328 | D:11     | Found a large runed translucent door.
 23328 | D:11     | Found a large runed translucent door.
 23956 | D:11     | Reached skill level 11 in Dodging
 24323 | D:12     | Reached XP level 15. HP: 130/130 MP: 14/27
 24498 | D:12     | Found Jeqin's Jewellery Emporium.
 24503 | D:12     | Bought the ring "Vail" {rC+ Will+ MP+9 Str+5 Stlth-} for
                  | 681 gold pieces
 25754 | D:13     | Reached skill level 12 in Fighting
 25833 | D:13     | Found Plog's Antique Armour Boutique.
 25878 | D:13     | Bought an embroidered cloak for 202 gold pieces
 26722 | D:14     | Found a gate to the Vaults.
 26738 | D:14     | Reached skill level 12 in Dodging
 27009 | D:14     | You pick up a book of Power and begin reading...
 27009 | D:14     | You add the spells Iskenderun's Battlesphere, Bombard and
                  | Spellforged Servitor to your library.
 27186 | D:14     | Found Hayb's Assorted Antiques.
 27191 | D:14     | Bought a scroll labelled BAVVIJAACYI for 36 gold pieces
 27191 | D:14     | Bought a fine graven amulet for 180 gold pieces
 27191 | D:14     | Identified the amulet of Wu Jian, Bedazzling {Faith Harm
                  | rPois rF- Str+7} (You bought it in a shop on level 14 of
                  | the Dungeon)
 27193 | D:14     | Bought a glowing grey potion for 32 gold pieces
 27193 | D:14     | Bought a lumpy emerald potion for 32 gold pieces
 27204 | D:14     | Noticed Nessos
 27217 | D:14     | Killed Nessos
 27881 | D:14     | Found the +6 Majin-Bo {spellvamp, MP+6 Int+6}
 28454 | D:14     | magus.rc [v1.9.6]
 28466 | D:15     | Entered Level 15 of the Dungeon
 28527 | D:14     | Reached skill level 9 in Spellcasting
 28594 | D:15     | Found a frozen archway.
 28652 | IceCv    | Entered an ice cave
 28659 | IceCv    | Learned a level 5 spell: Summon Forest
 28659 | IceCv    | magus.rc [v1.9.6]
 28703 | IceCv    | Reached skill level 1 in Translocations
 28782 | IceCv    | Reached skill level 2 in Translocations
 29068 | IceCv    | Reached skill level 3 in Translocations
 29190 | IceCv    | Reached skill level 4 in Translocations
 29553 | IceCv    | Reached skill level 5 in Translocations
 29954 | D:15     | Reached skill level 9 in Summonings
 30213 | D:15     | Reached XP level 16. HP: 59/132 MP: 29/29
 30682 | D:15     | Reached skill level 10 in Summonings
 30777 | D:15     | Found a staircase to the Depths.
 30835 | D:15     | Reached skill level 6 in Translocations
 30936 | D:15     | Reached skill level 13 in Necromancy
 31577 | D:13     | Bought a pair of boots for 121 gold pieces
 31590 | D:13     | Learned a level 6 spell: Death Channel
 31773 | Snake:1  | Entered Level 1 of the Snake Pit
 32961 | Snake:1  | Reached skill level 10 in Spellcasting
 33413 | Snake:2  | Reached skill level 14 in Necromancy
 33463 | Snake:2  | Reached skill level 6 in Shields
 33884 | Snake:2  | Reached skill level 7 in Shields
 33969 | Snake:2  | You are sucked into a shaft and drop 1 floor!
 33969 | Snake:3  | Found a blossoming altar of Fedhas.
 34675 | Snake:3  | Reached skill level 8 in Shields
 35201 | Snake:3  | You pick up a book of Burglary and begin reading...
 35201 | Snake:3  | You add the spells Passwall, Ensorcelled Hibernation and
                  | Swiftness to your library.
 35233 | Snake:3  | Found Fiatirra's Tiny Tomes.
 35693 | Snake:3  | Noticed Vashnia
 36127 | Snake:3  | Reached XP level 17. HP: 83/146 MP: 15/31
 36129 | Snake:3  | Reached skill level 11 in Summonings
 36134 | Snake:3  | Killed Vashnia
 36251 | Snake:4  | Entered Level 4 of the Snake Pit
 36278 | Snake:4  | Reached skill level 11 in Spellcasting
 36282 | Snake:4  | Reached skill level 7 in Translocations
 36296 | Snake:4  | Noticed Mara
 36304 | Snake:4  | Killed Mara
 36305 | Snake:4  | Reached skill level 8 in Translocations
 36563 | Snake:4  | Reached skill level 9 in Translocations
 36817 | Snake:4  | Found a runed translucent door.
 36817 | Snake:4  | Noticed orangepiccolo's ghost (adept MiBe)
 37170 | Snake:4  | Reached skill level 10 in Translocations
 37499 | Snake:4  | Noticed Asterion
 37515 | Snake:4  | Killed Asterion
 37523 | Snake:4  | Your ally Asterion died
 37911 | Snake:3  | Identified a +4 demon blade of pain {long} (a +2 spectral
                  | demon blade {long} bloodied by Kikubaaqudgha)
 37911 | Snake:3  | Received a gift from Kikubaaqudgha
 38287 | Snake:4  | Noticed Aizul
 38359 | Snake:4  | Killed Aizul
 38372 | Snake:4  | Reached skill level 13 in Fighting
 39155 | Snake:4  | Reached skill level 13 in Dodging
 39272 | Snake:4  | Got a serpentine rune of Zot
 39419 | Lair:2   | Upgraded the game from 0.31-a0-845-g9abc20d24f to
                  | 0.31-a0-846-gb3bcc0d938
 39419 | Lair:2   | magus.rc [v1.9.6]
 39446 | Swamp:1  | Entered Level 1 of the Swamp
 39446 | Swamp:1  | Noticed a tentacled monstrosity
 39458 | Swamp:1  | Killed a tentacled monstrosity
 39751 | Swamp:1  | You pick up a book of Weapons and begin reading...
 39751 | Swamp:1  | You add the spells Tukima's Dance, Dimensional Bullseye and
                  | Iskenderun's Mystic Blast to your library.
 39792 | Swamp:1  | Reached skill level 9 in Long Blades
 39799 | Swamp:1  | Reached XP level 18. HP: 158/158 MP: 25/33
 39982 | Swamp:1  | You pick up a book of Unlife and begin reading...
 40130 | Swamp:1  | Reached skill level 10 in Long Blades
 40153 | Swamp:1  | Noticed Donald
 40172 | Swamp:1  | Killed Donald
 40937 | Swamp:2  | Identified the +4 rapier of Blind Justice {heavy, *Slow
                  | +Blink Will+++ Int+3}
 41086 | Swamp:2  | Reached skill level 11 in Long Blades
 41780 | Swamp:3  | Reached skill level 12 in Long Blades
 42409 | Swamp:4  | Entered Level 4 of the Swamp
 42822 | Swamp:4  | Reached skill level 13 in Long Blades
 42880 | Swamp:4  | Reached skill level 14 in Long Blades
 43157 | Swamp:4  | You pick up a book of the Tundra and begin reading...
 43171 | Swamp:4  | Got a decaying rune of Zot
 43200 | Swamp:4  | You pick up a book of Flames and begin reading...
 43525 | Lair:2   | magus.rc [v1.9.6]
 43740 | Vaults:1 | Entered Level 1 of the Vaults
 44103 | Vaults:1 | Reached skill level 14 in Fighting
 44323 | Vaults:1 | Reached XP level 19. HP: 144/167 MP: 34/34
 44517 | Vaults:1 | Reached skill level 14 in Dodging
 44755 | Vaults:1 | Found the +6 arbalest "Damnation" {damnation}
 44755 | Vaults:1 | Noticed Nikola
 44779 | Vaults:1 | Killed Nikola
 44827 | Vaults:1 | Identified the +3 arbalest "Newtslayer" {antimagic, rPois
                  | rC+ Int-2}
 45040 | Vaults:1 | Learned a level 2 spell: Wereblood
 45061 | Vaults:1 | You pick up a book of Chaos and begin reading...
 45061 | Vaults:1 | You add the spells Conjure Ball Lightning, Disjunction and
                  | Discord to your library.
 45199 | Vaults:1 | Reached skill level 11 in Translocations
 45217 | Vaults:1 | Reached skill level 12 in Summonings
 45997 | Snake:3  | Bought Uhuj's Papyrus of Mustering for 288 gold pieces
 46005 | Snake:3  | Learned a level 7 spell: Malign Gateway
 46123 | Elf:1    | Entered Level 1 of the Elven Halls
 46298 | Elf:1    | Found Meov's Weapon Emporium.
 46488 | Elf:1    | You add the spells Arcjolt and Starburst to your library.
 46488 | Elf:1    | Got a colourful book
 46494 | Elf:1    | You pick up a book of Iron and begin reading...
 46496 | Elf:1    | Noticed Jorgrun
 46904 | Elf:1    | Reached skill level 12 in Translocations
 47028 | Elf:1    | Killed Jorgrun
 47269 | Elf:1    | Reached skill level 13 in Summonings
 47409 | Elf:1    | You pick up a book of Frost and begin reading...
 47409 | Elf:1    | You add the spells Freeze and Frozen Ramparts to your
                  | library.
 47415 | Elf:1    | Noticed Roxanne
 47427 | Elf:1    | Killed Roxanne
 47446 | Elf:1    | Noticed Louise
 47464 | Elf:1    | Killed Louise
 48098 | Elf:2    | Found a glowing golden altar of the Shining One.
 48098 | Elf:2    | Found a white marble altar of Elyvilon.
 48098 | Elf:2    | Found a crumbling gateway.
 48133 | Elf:2    | Found a glowing silver altar of Zin.
 48166 | Desolati | Entered the Desolation of Salt
 48212 | Desolati | Reached skill level 13 in Translocations
 48213 | Desolati | Reached skill level 14 in Summonings
 48216 | Desolati | Reached XP level 20. HP: 124/174 MP: 10/35
 48419 | Desolati | Identified the +1 pair of boots of the Ward {Rampage}
 48562 | Desolati | Identified the amulet of Onoun {Faith Slay+3}
 48605 | Desolati | You pick up a book of Vapours and begin reading...
 48605 | Desolati | You add the spells Poisonous Vapours, Mephitic Cloud and
                  | Freezing Cloud to your library.
 48698 | Desolati | Reached skill level 15 in Summonings
 48735 | Desolati | You add the spells Momentum Strike and Yara's Violent
                  | Unravelling to your library.
 48735 | Desolati | Got a curling book
 48758 | Desolati | Identified the ring "Joneh" {rElec Str+6 Stlth+}
 49071 | Desolati | Identified the amulet "Zotayca" {Acrobat Int+3}
 49632 | Elf:2    | Reached skill level 16 in Summonings
 49918 | Elf:2    | Found a runed translucent gate.
 49919 | Elf:2    | Found a runed translucent gate.
 49919 | Elf:2    | Found a runed translucent gate.
 50213 | Elf:3    | Entered Level 3 of the Elven Halls
 50333 | Elf:3    | Found Jeizeiv's Jewellery Boutique.
 50335 | Elf:3    | Found Ceevalo's Book Emporium.
 50337 | Elf:3    | Found Momasaof's Jewellery Boutique.
 50347 | Elf:3    | Bought the ring of the Purple Skies {Contam rF+ rCorr
                  | Stlth+} for 343 gold pieces
 50672 | Elf:3    | Identified the ring "Wuodwyokk" {Drain rElec rF++ rC+++
                  | SInv}
 50780 | Elf:3    | Paralysed by an air elemental for 1 turns
 50785 | Elf:3    | Got a dog-eared book
 51023 | Elf:3    | a deep elf pyromancer comes into view. It is wielding the
                  | +12 glaive of Prune {freeze, Prune}.
 51024 | Elf:3    | Aim: a deep elf pyromancer, wielding the +12 glaive of
                  | Prune {freeze, Prune} (wandering, hasn't noticed you, 100%
                  | to hit)
 51024 | Elf:3    | Aim: a deep elf pyromancer, wielding the +12 glaive of
                  | Prune {freeze, Prune} (wandering, hasn't noticed you, 100%
                  | to hit)
 51195 | Elf:3    | a deep elf annihilator comes into view. It is wielding the
                  | +7 great mace "Firestarter" {flame, immolate, rFlCloud
                  | rF++}.
 51203 | Elf:3    | Aim: a deep elf annihilator, wielding the +7 great mace
                  | "Firestarter" {flame, immolate, rFlCloud rF++}, wearing a
                  | +0 leather armour and wearing a ring of ice (100% to hit)
 51203 | Elf:3    | Aim: a deep elf annihilator, wielding the +7 great mace
                  | "Firestarter" {flame, immolate, rFlCloud rF++}, wearing a
                  | +0 leather armour and wearing a ring of ice (100% to hit)
 51269 | Elf:3    | Reached skill level 17 in Summonings
 51497 | Elf:3    | Found Xili's Weapon Shoppe.
 51900 | Elf:3    | Reached skill level 14 in Translocations
 51960 | Elf:3    | Identified the ring "Agyuvic" {Ice Will++}
 51972 | Elf:3    | Identified the +3 ring mail "Cesoyveb" {+Inv}
 52493 | Elf:3    | Identified the +7 spear "Miotey" {heavy, *Slow +Blink rN+
                  | Will+}
 52493 | Elf:3    | Identified the ring "Watwyet" {rN+ rCorr AC+4 Int+5}
 52641 | Elf:3    | a deep elf high priest comes into view. It is wielding a +0
                  | heavy long sword, wearing a +1 chain mail of willpower and
                  | wearing the +2 shield of Resistance {rF++ rC++ Will++}.
 52642 | Elf:3    | Aim: a deep elf high priest, wielding a +0 heavy long
                  | sword, wearing a +1 chain mail of willpower, wearing the +2
                  | shield of Resistance {rF++ rC++ Will++} and wearing a ring
                  | of wizardry (wandering, hasn't noticed you, 100% to hit)
 52642 | Elf:3    | Aim: a deep elf high priest, wielding a +0 heavy long
                  | sword, wearing a +1 chain mail of willpower, wearing the +2
                  | shield of Resistance {rF++ rC++ Will++} and wearing a ring
                  | of wizardry (wandering, hasn't noticed you, 100% to hit)
 52661 | Elf:3    | Gained mutation: Your flesh is heat resistant. (rF+)
                  | [mutagenic glow]
 52752 | Elf:3    | You pick up a book of Callings and begin reading...
 52776 | Elf:3    | Got a dog-eared book
 53181 | Vaults:2 | Found a portal to a secret trove of treasure.
 53350 | Vaults:2 | Found Umuol's Jewellery Emporium.
 53447 | Vaults:2 | Reached XP level 21. HP: 180/181 MP: 24/36
 53449 | Vaults:2 | Reached skill level 9 in Shields
 53475 | Vaults:2 | magus.rc [v1.9.6]
 53551 | Vaults:2 | Identified the +0 scale mail of the Byakko {Harm rCorr}
 53642 | Vaults:2 | Noticed Margery
 53662 | Vaults:2 | Reached skill level 10 in Shields
 53667 | Vaults:2 | Killed Margery
 53677 | Vaults:2 | a +3 broad axe of flaming {axe}; +0 shadow dragon scales
                  | {rare}
 53857 | Vaults:2 | Reached skill level 11 in Shields
 53880 | Vaults:2 | You pick up a book of Displacement and begin reading...
 53880 | Vaults:2 | You add the spells Gell's Gravitas and Teleport Other to
                  | your library.
 54294 | Vaults:2 | Reached skill level 12 in Shields
 54388 | Vaults:2 | You are sucked into a shaft and drop 1 floor!
 54769 | Vaults:3 | Reached skill level 13 in Shields
 55123 | Vaults:3 | Reached skill level 14 in Shields
 55327 | Vaults:2 | Found a staircase to the Crypt.
 55545 | Vaults:2 | Reached skill level 15 in Shields
 56330 | Vaults:3 | Reached XP level 22. HP: 143/191 MP: 37/37
 56504 | Vaults:3 | Reached skill level 15 in Fighting
 56629 | Vaults:3 | Found Seb Becoumoi's General Store.
 56642 | Vaults:3 | Lost mutation: Your flesh is heat resistant. (rF+) [potion
                  | of mutation]
 56642 | Vaults:3 | Gained mutation: Your natural rate of healing is unusually
                  | fast. [potion of mutation]
 56642 | Vaults:3 | Gained mutation: You are dopey. (Int -2) [potion of
                  | mutation]
 56643 | Vaults:3 | Lost mutation: Your natural rate of healing is unusually
                  | fast. [potion of mutation]
 56643 | Vaults:3 | Lost mutation: You are dopey. (Int -2) [potion of mutation]
 56643 | Vaults:3 | Gained mutation: You are somewhat resistant to further
                  | mutation. [potion of mutation]
 57463 | Vaults:3 | Identified the +10 sling of Apont {flame, Fly rElec rCorr
                  | Str-3}
 57466 | Vaults:3 | Identified the +0 pair of boots of Generosity {rElec rPois
                  | rCorr Dex-4}
 57483 | Vaults:3 | Identified the ring "Deofotul" {Contam *Slow rPois rC+
                  | Dex+6}
 57688 | Vaults:4 | Noticed Boris
 57971 | Vaults:4 | Found Yviejug's Weapon Shop.
 57993 | Vaults:4 | Reached skill level 16 in Fighting
 58187 | Vaults:4 | Paralysed by a formless jellyfish for 1 turns
 58302 | Vaults:4 | Noticed an ancient lich
 58319 | Vaults:4 | Killed an ancient lich
 58507 | Vaults:4 | Reached skill level 12 in Spellcasting
 59019 | Depths:1 | Entered Level 1 of the Depths
 59019 | Depths:1 | Found a one-way gate to the infinite horrors of the Abyss.
 59045 | Depths:1 | Reached skill level 7 in Evocations
 59257 | Depths:1 | Reached skill level 1 in Transmutations
 59257 | Depths:1 | Reached skill level 8 in Evocations
 59475 | Depths:1 | Reached skill level 2 in Transmutations
 59512 | Depths:1 | Found a gateway to Hell.
 59541 | Depths:1 | Reached skill level 3 in Transmutations
 59720 | Depths:1 | Identified the +5 demon blade "Conservator" {freeze, rF+}
 59724 | Depths:1 | Identified the +7 demon whip of Green Conscience {pain,
                  | rElec rF- Dex+3}
 60305 | Depths:1 | Found a bloodstained altar of Trog.
 60326 | Depths:1 | Found the +8 arc blade {discharge, rElec}
 60554 | Depths:2 | Reached skill level 9 in Evocations
 60556 | Depths:2 | Reached skill level 4 in Transmutations
 60617 | Depths:2 | Reached skill level 10 in Evocations
 60625 | Depths:2 | Found Geun's Magic Scroll Shop.
 60762 | Depths:2 | Found Uduig's Weapon Boutique.
 60762 | Depths:2 | Found Uceeles's Jewellery Shop.
 60765 | Depths:2 | Found Qaxed's Assorted Antiques.
 60767 | Depths:2 | Bought a scroll of blinking for 157 gold pieces
 60767 | Depths:2 | Bought a scroll of teleportation for 63 gold pieces
 60767 | Depths:2 | Bought a scroll of revelation for 157 gold pieces
 60776 | Depths:2 | Bought a scroll of immolation for 144 gold pieces
 61429 | Depths:2 | Reached skill level 11 in Evocations
 61685 | Depths:3 | Reached XP level 23. HP: 202/202 MP: 30/39
 61695 | Depths:3 | Reached skill level 12 in Evocations
 62245 | Depths:3 | Reached skill level 15 in Necromancy
 62531 | Depths:3 | Noticed a caustic shrike
 62532 | Depths:3 | Reached skill level 16 in Necromancy
 62536 | Depths:3 | Killed a caustic shrike
 63137 | Depths:3 | Found Cion's Weapon Shop.
 63984 | Depths:4 | Entered Level 4 of the Depths
 64019 | Depths:4 | Reached skill level 17 in Necromancy
 64436 | Depths:4 | Found a one-way gateway to a ziggurat.
 64856 | Depths:4 | Reached skill level 18 in Necromancy
 65004 | Depths:4 | Found a gate to the Realm of Zot.
 65254 | Depths:4 | Noticed Jory
 65264 | Depths:4 | Killed Jory
 65722 | D:14     | You add the spells Haunt, Borgnjor's Revivification and
                  | Death's Door to your library.
 65756 | D:14     | Learned a level 7 spell: Haunt
 65765 | D:14     | Learned a level 6 spell: Dispersal
 65930 | Vaults:4 | Noticed Norris
 65994 | Vaults:4 | Killed Norris
 66114 | Vaults:4 | Killed Boris
 66128 | Vaults:4 | Reached skill level 17 in Fighting
 66268 | Vaults:5 | Entered Level 5 of the Vaults
 66270 | Vaults:5 | magus.rc [v1.9.6]
 66320 | Vaults:5 | Identified the +1 battleaxe of the Building Gods {holy,
                  | Int+3 SInv}
 66349 | Vaults:5 | Reached XP level 24. HP: 159/216 MP: 4/39
 66365 | Vaults:5 | Reached skill level 18 in Fighting
 66378 | Vaults:5 | Noticed Boris
 66385 | Vaults:5 | Reached skill level 5 in Stealth
 66389 | Vaults:5 | Killed Boris
 66440 | Vaults:5 | Reached skill level 6 in Stealth
 66534 | Vaults:5 | Identified the +6 trident "Jausy" {protect, rN+++ Will-
                  | Int+4 Dex+4}
 66644 | Vaults:5 | Identified the +2 battleaxe of Fiunul {venom, Fly Str+6}
 66652 | Vaults:5 | Reached skill level 7 in Stealth
 66663 | Vaults:5 | Reached skill level 8 in Stealth
 66670 | Vaults:5 | Noticed a dread lich
 66682 | Vaults:5 | Killed a dread lich
 66697 | Vaults:5 | Paralysed by a floating eye for 2 turns
 66758 | Vaults:5 | Noticed a dread lich
 66768 | Vaults:5 | Killed a dread lich
 66810 | Vaults:5 | Noticed an ancient lich
 66812 | Vaults:5 | Killed an ancient lich
 66813 | Vaults:5 | Reached skill level 15 in Translocations
 66814 | Vaults:5 | Found the +27 heavy crossbow "Sniper" {heavy, Acc+∞ SInv}
 67126 | Vaults:5 | Identified the +6 shortbow of Ignis's Hatred {freeze, rN+
                  | Will- Int+5 Dex+2}
 67129 | Vaults:5 | You add the spells Sting and Olgreb's Toxic Radiance to
                  | your library.
 67133 | Vaults:5 | Identified the staff "Fuozauro" {rElec Tmut Air}
 67225 | Vaults:5 | Reached skill level 18 in Summonings
 67279 | Vaults:5 | Identified the +10 morningstar of Poverty {speed, rElec
                  | Dex+2}
 67568 | Vaults:5 | You pick up a book of Storms and begin reading...
 67568 | Vaults:5 | You add the spells Static Discharge and Airstrike to your
                  | library.
 67678 | Vaults:5 | Noticed a dread lich
 67691 | Vaults:5 | Killed a dread lich
 67704 | Vaults:5 | Got a silver rune of Zot
 67711 | Vaults:5 | You pick up a book of Displacement and begin reading...
 67861 | Vaults:5 | Identified the +3 spear "Lalofowu" {speed, rCorr Str+2}
 67910 | Vaults:5 | Noticed an ancient lich
 67921 | Vaults:5 | Killed an ancient lich
 67963 | Vaults:5 | Identified the +0 hat of the Monk {*Corrode rElec rF+++
                  | Dex-3}
 67974 | Vaults:5 | You pick up a book of Decay and begin reading...
 67974 | Vaults:5 | You add the spells Cigotuvi's Dreadful Rot and Dispel
                  | Undead to your library.
 67975 | Vaults:5 | Identified the +10 morningstar of Ceer {drain, Fragile
                  | Int+2 Dex+8}
 68033 | Vaults:5 | Noticed a shard shrike
 68035 | Vaults:5 | a shard shrike changed into a titan
 68093 | Vaults:5 | Found Jomuerhi's Assorted Antiques.
 68103 | Vaults:5 | Bought a scroll of fog for 152 gold pieces
 68103 | Vaults:5 | Bought 3 scrolls of poison for 456 gold pieces
 68336 | Vaults:5 | You pick up a book of Geomancy and begin reading...
 68336 | Vaults:5 | You add the spells Sandblast, Stone Arrow and Brom's
                  | Barrelling Boulder to your library.
 68436 | Vaults:5 | Reached skill level 19 in Necromancy
 68775 | Zot:1    | Entered Level 1 of the Realm of Zot
 69523 | Zot:1    | Identified +0 gold dragon scales
 69830 | Zot:2    | Identified the +1 pair of boots "Rusainaj" {rPois rC-
                  | Int+3}
 69848 | Zot:2    | Reached skill level 20 in Necromancy
 70324 | Zot:3    | Reached XP level 25. HP: 213/224 MP: 34/39
 70841 | Zot:5    | Entered Level 5 of the Realm of Zot
 70891 | Zot:5    | quicksilver dragon scales {rare}; a quicksilver dragon
                  | corpse
 70897 | Zot:5    | quicksilver dragon scales {rare}; a quicksilver dragon
                  | corpse
 71084 | Zot:5    | quicksilver dragon scales {rare}; a quicksilver dragon
                  | corpse
 71307 | Zot:5    | Reached skill level 19 in Fighting
 71467 | Zot:5    | Reached skill level 15 in Dodging
 71790 | Zot:5    | magus.rc [v1.9.6]
 71859 | Zot:5    | Noticed an ancient lich
 71900 | Zot:5    | Killed an ancient lich
 71910 | Zot:5    | Noticed an orb of fire
 71912 | Zot:5    | Noticed an orb of fire
 71912 | Zot:5    | Noticed an orb of fire
 71915 | Zot:5    | Noticed a Killer Klown
 71916 | Zot:5    | Noticed an orb of fire
 71955 | Zot:5    | Noticed an electric golem
 71955 | Zot:5    | Noticed an orb of fire
 72374 | Zot:5    | Killed an orb of fire
 72383 | Zot:5    | Gained mutation: You are frail. (-10% HP) [an orb of fire]
 72385 | Zot:5    | Killed an orb of fire
 72392 | Zot:5    | Killed an orb of fire
 72429 | Zot:5    | Killed an orb of fire
 72437 | Zot:5    | Lost mutation: You are frail. (-10% HP) [potion of
                  | mutation]
 72437 | Zot:5    | Lost mutation: You are somewhat resistant to further
                  | mutation. [potion of mutation]
 72437 | Zot:5    | Gained mutation: Your mind is acute. (Int +4, Str/Dex -1)
                  | [potion of mutation]
 72533 | Zot:5    | Killed an electric golem
 72786 | Zot:5    | Reached skill level 20 in Fighting
 72798 | Zot:5    | Reached skill level 16 in Dodging
 72832 | Zot:5    | Killed a Killer Klown
 72837 | Zot:5    | Noticed a Killer Klown
 72841 | Zot:5    | a Killer Klown changed into a dire elephant
 72893 | Zot:5    | Noticed an electric golem
 72905 | Zot:5    | Killed an electric golem
 72959 | Zot:5    | Noticed an orb of fire
 72975 | Zot:5    | Killed an orb of fire
 72976 | Zot:5    | Reached skill level 17 in Dodging
 72999 | Zot:5    | Noticed an orb of fire
 73007 | Zot:5    | Gained mutation: Potions are less effective at restoring
                  | your health. [an orb of fire]
 73014 | Zot:5    | Killed an orb of fire
 73015 | Zot:5    | Lost mutation: Potions are less effective at restoring your
                  | health. [potion of mutation]
 73015 | Zot:5    | Lost mutation: Your mind is acute. (Int +4, Str/Dex -1)
                  | [potion of mutation]
 73015 | Zot:5    | Gained mutation: You have large cloven feet. [potion of
                  | mutation]
 73015 | Zot:5    | Gained mutation: Your system is resistant to poisons.
                  | (rPois) [potion of mutation]
 73329 | Zot:5    | Got the Orb of Zot
 73510 | Zot:2    | Reached XP level 26. HP: 218/239 MP: 39/39
 73966 | D:3      | Reached skill level 18 in Dodging
 74011 | D:2      | Noticed Wuuqukh the pandemonium lord
 74077 | D:$      | Escaped with the Orb!

Vanquished Creatures
  2 dread liches (Vaults:5)
  3 ancient liches
  2 orbs of fire (Zot:5)
  Mara (Snake:4)
  A Killer Klown (Zot:5)
  A caustic shrike (Depths:3)
  3 golden dragons
  Nikola (Vaults:1)
  A bone dragon (Depths:4)
  An electric golem (Zot:5)
  5 tentacled monstrosities
  A lich (Vaults:5)
  14 Orb Guardians
  2 deep elf blademasters (Elf:3)
  A walking frostbound tome (Depths:3)
  2 sphinxes
  3 quicksilver dragons
  5 death cobs
  3 shadow dragons
  Aizul (Snake:4)
  2 tengu reavers
  5 draconian monks
  2 storm dragons
  Donald (Swamp:1)
  A fenstrider witch (Swamp:3)
  An azure jelly (shapeshifter) (Vaults:5)
  5 fire giants (Depths:3)
  6 deep elf sorcerers
  A frost giant (shapeshifter) (Vaults:5)
  2 draconian knights (Zot:2)
  5 vault wardens
  3 deep elf elementalists (Elf:3)
  2 draconian scorchers
  2 imperial myrmidons (Desolation)
  8 frost giants
  3 draconian shifters
  6 very ugly things
  A draconian annihilator (Zot:1)
  16 ironbound preservers
  A draconian stormcaller (Zot:4)
  2 formless jellyfish
  A spriggan defender (Depths:3)
  10 stone giants
  A war gargoyle (Vaults:5)
  6 ironbound thunderhulks
  3 eleionomae
  3 deep elf demonologists (Elf:3)
  4 green draconians
  3 bunyips
  A vampire knight (Depths:3)
  3 dire elephants (Vaults:2)
  5 yellow draconians
  5 deep elf annihilators
  2 black draconians
  A white draconian (Zot:4)
  5 purple draconians
  3 red draconians
  A spark wasp (Depths:2)
  7 ragged hierophants (Desolation)
  2 deep elf death magi
  19 yaktaur captains
  8 fire dragons
  2 entropy weavers
  5 ettins
  5 deep elf high priests
  A shambling mangrove (Swamp:3)
  A salamander tyrant (Snake:4)
  4 ice dragons
  16 vault guards
  A great orb of eyes (Vaults:1)
  A rakshasa (Depths:2)
  3 servants of whispers (Desolation)
  2 demonspawn (Orc:2)
  A hell beast (Depths:1)
  3 peacekeepers (Desolation)
  3 ironbound frosthearts
  4 hydras
  3 boulder beetles
  4 centaur warriors
  3 alligators
  A death knight (D:14)
  9 anacondas
  2 deep troll shamans (Depths:3)
  2 tengu warriors (Depths:2)
  A vampire mage (Depths:2)
  4 naga warriors
  4 two-headed ogres
  4 hell hogs
  A dancing weapon (Elf:1)
  4 orc high priests (Orc:2)
  3 deep troll earth magi
  7 spriggan berserkers
  3 naga sharpshooters
  A shock serpent (Snake:4)
  3 deep elf knights
  3 hell knights
  A storm dragon zombie (Depths:3)
  3 salamander mystics
  3 skysharks (Vaults:4)
  2 soul eaters
  A glowing orange brain (shapeshifter) (D:14)
  2 sixfirhies
  6 sun demons
  2 iron trolls (Depths:2)
  14 deep trolls
  6 goliath frogs
  4 swamp dragons
  5 flayed ghosts
  An obsidian statue (IceCv)
  3 bog bodies
  A naga ritualist (Snake:4)
  16 ironbound convokers
  2 spriggan simulacra
  2 glowing orange brains (Depths:3)
  3 spriggan druids
  A harpy (shapeshifter) (D:15)
  7 lindwurms
  3 mana vipers
  2 phantasmal warriors (Vaults:5)
  4 wizards
  5 deep elf archers
  4 orc knights
  3 necromancers
  A frost giant zombie (Depths:2)
  9 deep elf zephyrmancers
  10 deep elf pyromancers
  A cyclops (D:13)
  4 orc sorcerers
  2 human zombies
  A fire giant zombie (Depths:1)
  10 moths of wrath
  15 ugly things
  An iron dragon skeleton (Depths:1)
  3 naga magi
  9 salamanders
  2 manticores (D:13)
  17 slime creatures
  7 guardian serpents
  Maurice (D:9)
  10 vault sentinels
  A fire giant skeleton (Depths:2)
  A smoke demon (Zot:5)
  An eye of devastation (shapeshifter) (Vaults:5)
  8 elephants
  18 black mambas
  3 cane toads
  A gargoyle (D:12)
  A rime drake (shapeshifter) (D:14)
  3 komodo dragons
  A spark wasp simulacrum (Depths:1)
  29 yaktaurs
  A kobold demonologist (D:13)
  A spriggan zombie (D:15)
  2 efreet
  A komodo dragon (shapeshifter) (Vaults:5)
  2 freezing wraiths
  A tormentor (Depths:3)
  A tengu conjurer (D:14)
  2 ice devils
  A human skeleton (Vaults:3)
  A meliai (D:13)
  4 trolls
  7 hornets
  2 polar bears
  A tengu simulacrum (Vaults:5)
  A merfolk (shapeshifter) (Vaults:5)
  2 tyrant leeches (Swamp:3)
  A hornet (shapeshifter) (Vaults:5)
  An ettin zombie (D:15)
  30 saltlings (Desolation)
  3 blink frogs (Lair:1)
  A human simulacrum (Vaults:3)
  5 spriggans
  2 shadows
  An ettin skeleton (Vaults:3)
  8 yaks
  4 water elementals
  An air elemental (Elf:3)
  An elf zombie (Vaults:1)
  A yak (shapeshifter) (D:14)
  3 steam dragons
  A minotaur simulacrum (IceCv)
  A redback (Vaults:4)
  2 elf skeletons
  2 vampire mosquitoes (D:13)
  5 wargs
  15 nagas
  A naga zombie (Snake:3)
  2 swamp worms
  An acid dragon (shapeshifter) (Vaults:5)
  A cane toad zombie (Lair:4)
  Duvessa (D:7)
  A glowing shapeshifter skeleton (Depths:1)
  9 water moccasins
  2 hell hounds (Lair:5)
  21 orc warriors
  2 swamp drakes
  2 sky beasts (D:7)
  3 black bears
  An ice beast (Vaults:2)
  A meliai simulacrum (D:11)
  4 ogres
  8 boggarts
  8 wolves
  3 centaurs
  2 kobold brigands
  3 bullfrogs (Lair:1)
  A gnoll sergeant (D:11)
  3 scorpions
  A killer bee (D:10)
  5 electric eels
  4 howler monkeys
  2 iguanas
  14 orc priests
  2 hounds
  Ijyb (D:4)
  10 orc wizards
  2 nameless horrors
  7 gnolls
  5 adders
  2 white imps
  An ufetubus (D:5)
  An orc zombie (Orc:2)
  A worm (D:6)
  A dart slug (D:2)
  35 orcs
  4 ball pythons
  3 endoplasms
  3 giant cockroaches
  4 goblins
  4 hobgoblins
  A jackal (shapeshifter) (Elf:3)
  A jackal (D:3)
  3 quokkas
  3 bats
  8 frilled lizards
  12 kobolds
  3 rats
952 creatures vanquished.

Vanquished Creatures (collateral kills)
  A dread lich (Vaults:5)
  An ancient lich (Vaults:5)
  4 orbs of fire (Zot:5)
  Boris (twice) (Vaults:4 Vaults:5)
  Vashnia (Snake:3)
  Margery (Vaults:2)
  Jory (Depths:4)
  Norris (Vaults:4)
  2 golden dragons
  A bone dragon (Depths:4)
  An electric golem (Zot:5)
  4 tentacled monstrosities
  10 Orb Guardians (Zot:5)
  A titan (Vaults:5)
  2 liches
  Jorgrun (Elf:1)
  A quicksilver dragon (Zot:3)
  A deep elf master archer (Elf:3)
  2 deep elf blademasters (Elf:3)
  2 eldritch tentacles
  3 death cobs
  7 storm dragons
  An Executioner (Zot:2)
  A tengu reaver (Vaults:5)
  Gastronok (Lair:3)
  2 shadow dragons
  A thorn hunter (Swamp:4)
  Roxanne (Elf:1)
  3 nagarajas (Snake:4)
  4 fire giants
  4 draconian monks
  A demonspawn warmonger (Zot:5)
  3 draconian knights
  A rockslime (shapeshifter) (Vaults:5)
  5 imperial myrmidons (Desolation)
  5 frost giants
  A balrug (Zot:3)
  An iron dragon (Depths:3)
  4 deep elf sorcerers
  A ghost moth (Zot:3)
  2 angels (Elf:2)
  20 vault wardens
  Louise (Elf:1)
  2 draconian scorchers (Zot:5)
  3 deep elf elementalists (Elf:3)
  4 draconian shifters
  5 draconian stormcallers
  3 reapers
  2 draconian annihilators (Zot:5)
  A spriggan defender (Depths:4)
  A juggernaut skeleton (D:15)
  7 ironbound preservers
  A war gargoyle (Vaults:3)
  A stone giant (shapeshifter) (Vaults:5)
  3 ironbound thunderhulks
  10 stone giants
  A demonspawn blood saint (Zot:5)
  2 vampire knights (Depths:3)
  10 very ugly things
  5 green draconians (Zot:5)
  3 black draconians (Zot:5)
  2 eleionomae
  A yellow draconian (Zot:1)
  7 white draconians
  4 bunyips
  A spark wasp (Depths:1)
  6 deep elf annihilators
  5 purple draconians
  11 dire elephants
  3 red draconians
  3 deep elf death magi
  3 crystal guardians
  A merfolk javelineer (Depths:4)
  6 ettins
  A green death (Zot:5)
  A blizzard demon (Zot:5)
  5 great orbs of eyes
  A merfolk impaler (Depths:4)
  2 jiangshi (Depths:4)
  2 deep elf high priests
  8 fire dragons
  An entropy weaver (Vaults:2)
  3 rakshasas
  6 peacekeepers
  24 vault guards
  12 yaktaur captains
  2 salamander tyrants
  6 servants of whispers (Desolation)
  25 hydras
  A ghost crab (Swamp:1)
  9 anacondas
  2 ogre magi
  6 ironbound frosthearts
  3 spriggan air magi
  3 hell beasts
  7 ice dragons
  10 centaur warriors
  A tengu warrior (Depths:3)
  2 alligators
  A two-headed ogre (D:15)
  A death knight (D:14)
  3 boulder beetles
  2 deep troll earth magi
  9 naga warriors
  6 deep troll shamans
  5 shock serpents
  4 spriggan berserkers
  15 dancing weapons
  3 orc high priests (Orc:2)
  A vampire mage (Depths:4)
  A soul eater (Depths:1)
  7 hell knights
  7 deep elf knights
  2 sun demons
  2 skysharks (Lair:3)
  13 naga sharpshooters
  2 sixfirhies (Depths:2)
  An iron troll (Depths:4)
  A golden dragon zombie (Depths:3)
  2 skeletal warriors
  2 goliath frogs
  3 salamander mystics (Snake:3)
  A spark wasp zombie (Depths:1)
  A bog body (Swamp:2)
  A glowing orange brain (Depths:1)
  2 spriggan druids (Swamp:4)
  6 deep elf archers
  12 ironbound convokers
  6 naga ritualists
  18 swamp dragons
  35 deep trolls
  An iron dragon zombie (Depths:2)
  A tengu zombie (Vaults:3)
  A flayed ghost (Depths:4)
  4 phantasmal warriors
  13 deep elf zephyrmancers
  2 orc knights
  4 wizards
  A wolf spider (D:11)
  14 deep elf pyromancers
  7 necromancers
  26 ugly things
  3 orc sorcerers
  A tengu skeleton (Depths:3)
  4 mana vipers
  A manticore (shapeshifter) (D:14)
  A stone giant zombie (Vaults:5)
  3 cyclopes
  A manticore (D:11)
  14 salamanders
  4 moths of wrath
  5 will-o-the-wisps
  24 black mambas
  A fire giant skeleton (Depths:1)
  An iron dragon skeleton (Depths:3)
  7 guardian serpents
  9 elephants
  13 naga magi
  5 vault sentinels
  A molten gargoyle (Desolation)
  2 smoke demons (Depths:1)
  2 cane toads
  6 komodo dragons
  3 rime drakes
  25 yaktaurs
  An efreet (D:15)
  4 ice devils
  A yaktaur (shapeshifter) (Vaults:5)
  3 tengu conjurers
  A golden dragon simulacrum (IceCv)
  An anaconda simulacrum (IceCv)
  5 freezing wraiths
  A troll (shapeshifter) (Vaults:5)
  A guardian mummy (D:15)
  2 meliai (D:13)
  A hellwing (Orc:2)
  7 hornets
  3 polar bears (Lair:5)
  2 trolls
  An alligator simulacrum (IceCv)
  4 dream sheep (Lair:4)
  A tarantella (Vaults:2)
  2 raiju (Lair:5)
  3 tyrant leeches
  An ettin zombie (Vaults:1)
  35 saltlings (Desolation)
  2 blink frogs (Lair:1)
  13 slime creatures
  2 spriggan skeletons
  5 spriggans
  A shadow (D:13)
  An air elemental (Elf:1)
  2 wraiths (D:11)
  9 water elementals
  Grum (D:10)
  4 wyverns
  2 fire elementals
  29 yaks
  5 basilisks
  A neqoxec (D:15)
  4 redbacks
  4 vampire mosquitoes
  3 minotaur simulacra (IceCv)
  A glowing shapeshifter zombie (Vaults:5)
  20 nagas
  5 wargs
  A naga (shapeshifter) (Vaults:5)
  8 swamp worms
  12 hell hounds (Lair:5)
  An acid dragon (D:14)
  A glowing shapeshifter skeleton (Depths:3)
  13 water moccasins
  A floating eye (shapeshifter) (Vaults:5)
  An ice beast (D:8)
  9 swamp drakes
  9 black bears
  26 orc warriors
  A sky beast (D:8)
  An ettin simulacrum (IceCv)
  5 ogres
  3 boggarts (Vaults:1)
  9 wolves
  12 centaurs
  3 kobold brigands
  Blork the orc (D:4)
  2 phantoms
  6 bullfrogs
  4 nameless horrors
  2 earth elementals (Elf:2)
  2 gnoll sergeants
  A scorpion (D:5)
  A human simulacrum (Vaults:3)
  2 deep troll simulacra (IceCv)
  3 wights (D:10)
  Dowan (D:7)
  5 killer bees (D:10)
  An electric eel (Lair:2)
  4 howler monkeys
  2 lava snakes (Lair:5)
  12 orc priests
  2 hounds (D:5)
  A sleepcap (D:5)
  6 orc wizards
  11 hell rats
  2 boggart zombies (Vaults:1)
  8 gnolls
  2 adders
  A white imp (D:7)
  2 ufetubi (D:5)
  An orc zombie (Orc:2)
  A worm (D:2)
  A dart slug (D:4)
  70 orcs
  8 ball pythons
  3 endoplasms
  7 goblins
  A hobgoblin (D:1)
  6 jackals
  18 kobolds
  2 quokkas
  6 frilled lizards
  4 rats
  A butterfly (Swamp:4)
1281 creatures vanquished.

Vanquished Creatures (others)
  A golden dragon (Zot:2)
  Asterion (Snake:4)
  An Orb Guardian (Zot:5)
  2 quicksilver dragons
  110 eldritch tentacles
  A draconian monk (Zot:5)
  A storm dragon (Zot:5)
  3 draconian knights
  A nagaraja (Snake:4)
  A fire giant (Vaults:5)
  10 imperial myrmidons (Desolation)
  A draconian shifter (Zot:5)
  3 draconian stormcallers (Zot:5)
  2 draconian annihilators (Zot:5)
  An orc warlord (D:9)
  A reaper (IceCv)
  2 ironbound preservers (Vaults:1)
  A Killer Klown zombie (Zot:5)
  Nessos (D:14)
  2 green draconians
  2 eleionomae
  2 black draconians (Zot:5)
  A white draconian (Zot:5)
  2 red draconians (Zot:5)
  An ettin (Depths:1)
  7 very ugly thing zombies
  A fire dragon (Depths:3)
  A ragged hierophant (Desolation)
  2 hydras
  5 vault guards (D:14)
  2 spriggan air magi
  2 centaur warriors
  13 Orb Guardian zombies (Zot:5)
  An anaconda (Snake:4)
  An ogre mage (D:15)
  A dancing weapon (Elf:1)
  A two-headed ogre (D:15)
  A boulder beetle (Lair:5)
  A naga warrior (Snake:3)
  A deep troll earth mage (Depths:1)
  A deep troll shaman (Depths:4)
  2 shock serpents
  4 deep elf knights (Elf:3)
  5 naga sharpshooters
  5 storm dragon zombies
  A spriggan (Swamp:4)
  A bunyip zombie (Swamp:4)
  A skyshark (Lair:5)
  A goliath frog (Swamp:3)
  A spark wasp zombie (Depths:1)
  A spriggan rider (Swamp:2)
  A deep troll (Vaults:1)
  A bog body (IceCv)
  6 anaconda zombies
  A spriggan simulacrum (IceCv)
  3 swamp dragons
  2 naga ritualists
  2 wizards (Vaults:2)
  A mana viper (Snake:4)
  2 deep elf archers
  A steelbarb worm (shapeshifter) (Depths:4)
  2 orc knights
  2 alligator zombies
  3 deep elf zephyrmancers
  A necromancer (Depths:3)
  2 tengu zombies
  A wolf spider zombie (D:13)
  A goliath frog zombie (Swamp:4)
  3 deep elf pyromancers
  An eleionoma zombie (Swamp:3)
  12 draconian zombies
  A wolf spider (D:13)
  13 ugly thing zombies
  An ugly thing (D:15)
  An orc sorcerer (Orc:2)
  2 salamanders
  9 stone giant zombies
  2 fire giant zombies (Depths:3)
  8 moths of wrath (Zot:5)
  2 frost giant zombies
  An elephant (Lair:2)
  3 shock serpent zombies
  9 centaur zombies
  A guardian serpent (Snake:3)
  5 dire elephant zombies
  2 naga magi
  7 black mambas
  A minotaur zombie (Snake:4)
  3 cane toads
  3 yellow draconian zombies (Zot:5)
  A rime drake (Lair:5)
  A purple draconian zombie (Zot:5)
  A yaktaur (Vaults:3)
  5 green draconian zombies (Zot:5)
  2 white draconian zombies
  2 komodo dragons
  3 black draconian zombies (Zot:5)
  3 swamp worm zombies
  3 red draconian zombies (Zot:5)
  7 freezing wraiths
  An anaconda simulacrum (IceCv)
  A tengu conjurer (Depths:3)
  A steelbarb worm zombie (Depths:4)
  2 mana viper zombies (Snake:4)
  8 hydra zombies (Swamp:4)
  9 moth of wrath zombies (Zot:5)
  A merfolk zombie (Depths:4)
  4 bloated husks
  5 polar bears (Lair:5)
  A meliai (D:14)
  A boulder beetle zombie (Vaults:5)
  A blink frog (Lair:5)
  An alligator simulacrum (IceCv)
  8 fire dragon zombies
  5 ettin zombies
  3 saltlings (Desolation)
  A raiju (Lair:5)
  A hornet (Swamp:4)
  A great orb of eyes zombie (Vaults:5)
  6 guardian serpent zombies
  5 ice dragon zombies
  21 black mamba zombies
  2 slime creatures
  Sigmund (D:6)
  A centaur simulacrum (D:11)
  5 spriggan zombies
  3 wyverns
  2 water elementals
  A steam dragon (Lair:2)
  3 yaks (D:9)
  3 slime creature zombies
  A minotaur simulacrum (IceCv)
  22 deep troll zombies
  4 nagas
  A skyshark zombie (Lair:5)
  3 two-headed ogre zombies (D:15)
  A warg (Orc:2)
  2 water moccasins (Lair:5)
  3 cane toad zombies
  Pargi (Sewer)
  A black bear (Lair:5)
  5 orc warriors
  An ice beast (D:6)
  25 elf zombies
  7 swamp dragon zombies
  A swamp drake (Swamp:4)
  3 elephant zombies
  2 ogres (Orc:1)
  2 hornet zombies
  A manticore zombie (D:13)
  5 wolves
  2 blink frog zombies (Lair:1)
  3 centaurs
  64 human zombies
  A rime drake zombie (Lair:2)
  2 komodo dragon zombies
  2 vampire mosquito zombies (D:13)
  9 yaktaur zombies
  A bullfrog (Lair:3)
  4 hell hound zombies (Lair:5)
  A gnoll sergeant (D:6)
  8 water moccasin zombies
  9 salamander zombies
  4 wyvern zombies
  3 wights (D:6)
  A troll zombie (Vaults:5)
  3 warg zombies
  32 naga zombies
  18 yak zombies
  2 polar bear zombies
  A raiju zombie (Lair:5)
  A lindwurm simulacrum (IceCv)
  A nameless horror (D:14)
  7 wolf zombies
  A black bear zombie (Lair:5)
  A bullfrog zombie (Lair:2)
  A sleepcap (D:6)
  An orc wizard (Orc:1)
  An iguana (D:6)
  3 boggart zombies (Vaults:1)
  3 ogre zombies
  3 gnolls
  A steam dragon zombie (Lair:2)
  5 swamp drake zombies (Swamp:4)
  An ufetubus (D:6)
  3 orcs
  A gnoll zombie (D:13)
  26 orc zombies
  15 foxfires (Swamp:4)
  22 snaplasher vines
833 creatures vanquished.

Grand Total: 3066 creatures vanquished

Table legend:
 A = Non-vault XP
 B = Vault XP
 C = Vault XP percentage of total XP
 D = Non-vault monster count
 E = Vault monster count
 F = Vault count percentage of total count
                 A         B        C        D         E       F
            +---------+---------+-------+---------+---------+-------
      Total |  641264 |  657485 |  50.6 |    1286 |     958 |  42.7
            +---------+---------+-------+---------+---------+-------
        D:1 |      36 |       0 |   0.0 |      25 |       0 |   0.0
        D:2 |      36 |       0 |   0.0 |      11 |       0 |   0.0
        D:3 |      71 |       6 |   7.8 |      20 |       6 |  23.1
        D:4 |     264 |     135 |  33.8 |      20 |       2 |   9.1
        D:5 |     511 |       0 |   0.0 |      23 |       0 |   0.0
        D:6 |    1377 |     236 |  14.6 |      25 |       5 |  16.7
        D:7 |     522 |     222 |  29.8 |      13 |       2 |  13.3
        D:8 |    1278 |      23 |   1.8 |      20 |       6 |  23.1
        D:9 |    5523 |     845 |  13.3 |      37 |       6 |  14.0
       D:10 |    1464 |     425 |  22.5 |      31 |       3 |   8.8
       D:11 |    4797 |    3931 |  45.0 |      22 |      12 |  35.3
       D:12 |    3958 |     234 |   5.6 |      21 |       1 |   4.5
       D:13 |    7107 |       0 |   0.0 |      21 |       0 |   0.0
       D:14 |    5946 |   16958 |  74.0 |      23 |      27 |  54.0
       D:15 |   15221 |    5888 |  27.9 |      34 |      32 |  48.5
     Lair:1 |    5167 |       0 |   0.0 |      24 |       0 |   0.0
     Lair:2 |    5053 |    2667 |  34.5 |      26 |      12 |  31.6
     Lair:3 |    6239 |    1435 |  18.7 |      24 |       1 |   4.0
     Lair:4 |    8401 |       0 |   0.0 |      21 |       0 |   0.0
     Lair:5 |    9394 |   10773 |  53.4 |      27 |      58 |  68.2
    Swamp:1 |   12405 |    8705 |  41.2 |      19 |      12 |  38.7
    Swamp:2 |   10566 |       0 |   0.0 |      20 |       0 |   0.0
    Swamp:3 |   14650 |    3326 |  18.5 |      24 |       5 |  17.2
    Swamp:4 |   12389 |   18866 |  60.4 |      18 |      30 |  62.5
    Snake:1 |    6848 |    3974 |  36.7 |      14 |       8 |  36.4
    Snake:2 |   17946 |     977 |   5.2 |      33 |       2 |   5.7
    Snake:3 |   15251 |   11555 |  43.1 |      31 |      13 |  29.5
    Snake:4 |   23970 |   34678 |  59.1 |      50 |      42 |  45.7
      Orc:1 |    2091 |       0 |   0.0 |      26 |       0 |   0.0
      Orc:2 |    2655 |   14455 |  84.5 |      20 |      60 |  75.0
      Elf:1 |   16655 |   19224 |  53.6 |      25 |      27 |  51.9
      Elf:2 |   10648 |   13709 |  56.3 |      19 |      17 |  47.2
      Elf:3 |    9680 |   37317 |  79.4 |      17 |      33 |  66.0
   Vaults:1 |   30666 |   26556 |  46.4 |      45 |      31 |  40.8
   Vaults:2 |   41857 |   41783 |  50.0 |      67 |      56 |  45.5
   Vaults:3 |   27606 |   31404 |  53.2 |      48 |      36 |  42.9
   Vaults:4 |   19562 |   25034 |  56.1 |      34 |      21 |  38.2
   Vaults:5 |   24391 |  105653 |  81.2 |      37 |      93 |  71.5
   Depths:1 |   23503 |   15250 |  39.4 |      33 |      21 |  38.9
   Depths:2 |   38421 |    8606 |  18.3 |      45 |      11 |  19.6
   Depths:3 |   45981 |   23997 |  34.3 |      55 |      25 |  31.2
   Depths:4 |   27233 |   20950 |  43.5 |      31 |      16 |  34.0
      Zot:1 |   20692 |     412 |   2.0 |      16 |       1 |   5.9
      Zot:2 |   15907 |       0 |   0.0 |      15 |       0 |   0.0
      Zot:3 |   15213 |       0 |   0.0 |      13 |       0 |   0.0
      Zot:4 |   22275 |       0 |   0.0 |      20 |       0 |   0.0
      Zot:5 |   49838 |   79241 |  61.4 |      43 |      35 |  44.9
      Sewer |       0 |     144 | 100.0 |       0 |       8 | 100.0
     Bailey |       0 |    2652 | 100.0 |       0 |      40 | 100.0
      IceCv |       0 |   12993 | 100.0 |       0 |      32 | 100.0
 Desolation |       0 |   52246 | 100.0 |       0 |     110 | 100.0
            +---------+---------+-------+---------+---------+-------

Skill      XL: |  1  2  3  4  5  6  7  8  9 10 11 12 13 14 15 16 17 18 19 20 21 22 23 24 25 26 |
---------------+-------------------------------------------------------------------------------+-----
Summonings     | 5 6 8 9 10 11 14 17 18 | 18.0
Dodging        | 3 4 9 10 11 12 13 14 17 18 | 18.0
Stealth        | 2 4 8 |  8.0
Fighting       | 3 4 6 10 11 12 13 14 16 17 18 20 | 20.0
Evocations     | 4 6 11 12 | 12.0
Hexes          | 2 3 |  3.0
Spellcasting   | 5 6 7 8 9 10 11 12 | 12.0
Air Magic      | 7 |  7.0
Long Blades    | 5 8 9 14 | 14.0
Necromancy     | 1 8 9 12 14 18 20 | 20.0
Shields        | 5 8 15 | 15.0
Earth Magic    | 5 6 |  6.0
Translocations | 5 6 10 13 14 15 | 15.0
Transmutations | 4 |  4.0

Action                     |  1- 3 |  4- 6 |  7- 9 | 10-12 | 13-15 | 16-18 | 19-21 | 22-24 | 25-27 || total
---------------------------+-------+-------+-------+-------+-------+-------+-------+-------+-------++-------
  Melee: Dagger            |    82 |    73 |   147 |    36 |       |       |       |       |       ||   338
         Tailslap          |    13 |     3 |    28 |    45 |   142 |   159 |   225 |   351 |    97 ||  1063
         Punch             |     1 |       |     3 |     4 |       |       |       |       |       ||     8
         Falchion          |       |       |       |   183 |   676 |   431 |     2 |       |       ||  1292
         Demon blade       |       |       |       |       |       |   255 |   816 |  1364 |   412 ||  2847
         Rapier            |       |       |       |       |       |     2 |     7 |       |       ||     9
  Throw: Dart              |       |       |     1 |       |     3 |     1 |       |       |       ||     5
   Cast: Summon Small Mamm |    59 |    28 |    20 |     2 |     2 |       |       |       |       ||   111
         Call Canine Famil |       |    18 |    37 |    26 |    58 |    22 |     4 |       |       ||   165
         Summon Guardian G |       |       |    14 |    12 |    61 |    28 |     6 |       |       ||   121
         Summon Lightning  |       |       |    22 |    74 |   168 |    57 |    11 |       |       ||   332
         Animate Dead      |       |       |       |     6 |    21 |    24 |    18 |    16 |     8 ||    93
         Borgnjor's Vile C |       |       |       |       |   103 |   112 |    96 |    58 |    18 ||   387
         Death Channel     |       |       |       |       |       |    37 |    26 |    26 |     7 ||    96
         Summon Forest     |       |       |       |       |       |    36 |    30 |    15 |     7 ||    88
         Malign Gateway    |       |       |       |       |       |       |    55 |    42 |    17 ||   114
         Wereblood         |       |       |       |       |       |       |     1 |    10 |     3 ||    14
         Haunt             |       |       |       |       |       |       |       |    27 |    29 ||    56
         Dispersal         |       |       |       |       |       |       |       |     1 |     1 ||     2
 Invoke: Unearth Wretches  |       |       |       |     3 |     9 |    20 |    10 |    13 |     9 ||    64
         Brand Weapon With |       |       |       |       |       |     1 |       |       |       ||     1
Ability: Breathe Lightning |       |       |     5 |     1 |     5 |     2 |       |       |       ||    13
  Evoke: Wand              |       |       |     1 |     3 |    14 |    13 |     7 |     2 |     5 ||    45
         Lightning rod     |       |       |       |     2 |    15 |       |     7 |     4 |       ||    28
         Phial of floods   |       |       |       |       |       |     1 |     4 |       |       ||     5
         Box of beasts     |       |       |       |       |       |       |       |     1 |       ||     1
    Use: Scroll            |       |       |     8 |     6 |    13 |    14 |     6 |    10 |     3 ||    60
         Potion            |       |       |       |     2 |     1 |     1 |    12 |     7 |    20 ||    43
   Stab: Distracted        |     1 |     2 |       |    11 |    24 |    23 |    20 |    46 |    14 ||   141
         Sleeping          |       |       |     5 |       |     5 |     8 |     4 |    15 |     2 ||    39
         Invisible         |       |       |       |       |       |     1 |     1 |       |       ||     2
         Paralysed         |       |       |       |       |       |       |       |     4 |     1 ||     5
         Confused          |       |       |       |       |       |       |       |       |     2 ||     2
 Armour: Skin              |    37 |    32 |   127 |   189 |   398 |   410 |   386 |   662 |   237 ||  2478
  Dodge: Dodged            |    54 |    43 |   102 |   222 |   572 |   498 |   373 |   503 |   182 ||  2549
  Block: Other             |       |       |       |    21 |       |       |       |       |       ||    21
         Buckler           |       |       |       |    46 |   463 |   517 |   204 |       |       ||  1230
         Reflection        |       |       |       |       |    17 |    46 |    35 |    43 |     3 ||   144
         Kite shield       |       |       |       |       |       |       |   263 |   985 |   315 ||  1563

Illustrated notes

Table legend:
 A = Kills in this place as a percentage of kills in the entire game.
 B = Kills by you in this place as a percentage of kills by you in the entire game.
 C = Kills by friends in this place as a percentage of kills by friends in the entire game.
 D = Other kills in this place as a percentage of other kills in the entire game.
 E = Experience gained in this place as a percentage of experience gained in the entire game.
 F = Experience gained in this place divided by the number of levels of this place that you have seen.
                   A       B       C       D       E      F
               +-------+-------+-------+-------+-------+----------------------
         Total | 100.0 | 100.0 | 100.0 | 100.0 | 100.0 | 25756.1
       Dungeon |  20.0 |  20.5 |  18.7 |  33.0 |   6.2 | 5431.9
          Lair |   8.5 |   5.1 |  10.3 |  20.2 |   3.7 | 9825.8
         Swamp |   5.7 |   4.5 |   6.8 |   3.2 |   6.2 | 20226.8
     Snake Pit |   8.5 |   7.1 |   9.6 |   8.5 |   8.8 | 28799.8
  Orcish Mines |   4.7 |   5.7 |   4.1 |   2.1 |   1.5 | 9600.5
   Elven Halls |   6.1 |   5.5 |   6.7 |   4.3 |   8.2 | 35744.3
        Vaults |  20.7 |  26.0 |  17.9 |   4.3 |  28.5 | 74902.4
        Depths |  10.6 |  10.7 |  11.1 |   2.1 |  15.6 | 51261.8
           Zot |   6.8 |   8.1 |   6.1 |   2.1 |  16.2 | 42563.8
         Sewer |   0.4 |   0.6 |   0.1 |   1.1 |   0.0 | 144.0
        Bailey |   1.8 |   0.4 |   2.7 |   3.2 |   0.2 | 2652.0
      Ice Cave |   1.4 |   0.3 |   1.3 |  13.8 |   1.0 | 12993.0
    Desolation |   4.9 |   5.4 |   4.6 |   2.1 |   4.0 | 52246.0
               +-------+-------+-------+-------+-------+----------------------

Table legend: (Time is in decaauts)
 A = Elapsed time spent in this place.
 B = Non-inter-level travel time spent in this place.
 C = Inter-level travel time spent in this place.
 D = Time resting spent in this place.
 E = Time spent auto-exploring this place.
 F = Levels seen in this place.
 G = Mean time per level.
                   A        B        C        D        E       F      G
               +--------+--------+--------+--------+--------+-----+--------+
         Total |  73172 |  68431 |   4741 |  13969 |  36262 |  51 | 1434.7 |
       Dungeon |  20597 |  18353 |   2244 |   2044 |  11957 |  15 | 1373.1 |
          Lair |   7013 |   6544 |    469 |   1147 |   3938 |   5 | 1402.6 |
         Swamp |   4036 |   3908 |    128 |    630 |   2412 |   4 | 1009.0 |
     Snake Pit |   7725 |   7250 |    475 |   1618 |   3821 |   4 | 1931.2 |
  Orcish Mines |   3126 |   2949 |    177 |    785 |   1463 |   2 | 1563.0 |
   Elven Halls |   5440 |   5239 |    201 |   1663 |   2102 |   3 | 1813.3 |
        Vaults |  10215 |   9666 |    549 |   1498 |   5500 |   5 | 2043.0 |
        Depths |   6890 |   6459 |    431 |   1394 |   3377 |   4 | 1722.5 |
           Zot |   4247 |   4185 |     62 |   2037 |    557 |   5 |  849.4 |
         Sewer |    317 |    317 |      0 |      0 |    205 |   1 |  317.0 |
        Bailey |   1012 |   1012 |      0 |    317 |    338 |   1 | 1012.0 |
      Ice Cave |   1265 |   1265 |      0 |    597 |    153 |   1 | 1265.0 |
    Desolation |   1283 |   1283 |      0 |    238 |    438 |   1 | 1283.0 |
               +--------+--------+--------+--------+--------+-----+--------+

Top non-repeatable levels by time:
     D:9: 2828 daAuts
    D:14: 2700 daAuts
   Elf:3: 2680 daAuts
 Snake:4: 2668 daAuts
Vaults:3: 2474 daAuts
   Orc:2: 2216 daAuts
Vaults:5: 2129 daAuts
   Zot:5: 2126 daAuts
Depths:3: 2029 daAuts
Vaults:1: 1985 daAuts
Vaults:2: 1968 daAuts
 Snake:3: 1957 daAuts
   Elf:1: 1840 daAuts
    D:15: 1831 daAuts
  Lair:5: 1816 daAuts
